 Dungeon Crawl Stone Soup version 0.32-a0-818-gb728d0252e (webtiles) character file.

Game seed: 14819390672567543818

864456 docpaisley the Pyromancer (level 27, -11/221 HPs)
             Began as a Mountain Dwarf Fire Elementalist on Mar 21, 2024.
             Was a High Priest of Sif Muna.
             Killed from afar by a salamander tyrant (14 damage)
             ... with a flame surge
             ... on level 8 of a ziggurat on Mar 24, 2024.
             The game lasted 13:09:31 (133012 turns).

docpaisley the Pyromancer (MDFE)                  Turns: 133012, Time: 13:09:32

Health: -11/221    AC: 10    Str: 19    XL:     27
Magic:  11/34      EV: 21    Int: 32    God:    Sif Muna [*****.]
Gold:   2227       SH: 18    Dex: 14    Spells: 3/57 levels left

rFire   + + .        a - +9 war axe "Rirebonu" {venom, rF+ rC++ Will+}
rCold   . . .        y - +5 kite shield {AC+3}
rNeg    + + +        m - +1 robe of Vines {NoPotionHeal Regen++++}
rPois   +            O - -2 hat of the Alchemist {rElec rPois rF+ rC+ rN+ Will+ rMut rCorr}
rElec   +            T - +1 cloak of Starlight {*Dazzle EV+4 Stlth--}
rCorr   +            k - +2 pair of gloves "Legrakiv" {Will+ Str+2 Int+3}
SInv    .            M - +2 pair of boots of Past Mistakes {Will+ Str+4 Dex+4}
Will    +++++        Q - amulet of Vitality {Regen++ RegenMP++}
Stlth   ++           w - ring of Doraforch {Wiz rCorr Str+2}
HPRegen 5.36/turn    I - ring of Xaif {Fire *Corrode rElec rN++ Int+3}
MPRegen 1.04/turn

%: random rage (9%), corrode self (3%), resist mutation, wizardry (x1)
@: in a vortex, weakened, corroded, flying (expiring), studying 2 skills
A: runic magic, artefact enchanting, camouflage 1, berserk 2, deformed body,
dopey 1, frail 1, low MP 2, poison resistance, screaming 2, weak 1, no potion
heal 1, cold vulnerability 2, heat vulnerability 1
}: 7/15 runes: serpentine, barnacled, slimy, silver, abyssal, demonic, magical
a: Renounce Religion, Channel Magic, Forget Spell, Divine Exegesis


You were on level 8 of a ziggurat.
You worshipped Sif Muna.
Sif Muna was extremely pleased with you.
You visited 14 branches of the dungeon, and saw 58 of its levels.
You visited Pandemonium 1 time, and saw 6 of its levels.
You visited the Abyss 2 times.
You visited 1 ziggurat, and saw 8 of its levels.
You also visited: Trove, Gauntlet, Wizlab and Desolation.

You collected 10645 gold pieces.
You spent 8418 gold pieces at shops.

Inventory:

Hand Weapons
 a - the +9 war axe "Rirebonu" (weapon) {venom, rF+ rC++ Will+}
   (You found it in the Desolation of Salt)

   rF+:       It protects you from fire.
   rC++:      It greatly protects you from cold.
   Will+:     It increases your willpower.
 c - the +2 short sword "Wounah" {flame, rF++ rN+ Int-4 Stlth+}
   (You found it on level 3 of a ziggurat)

   Int-4:     It affects your intelligence (-4).
   rF++:      It greatly protects you from fire.
   rN+:       It protects you from negative energy.
   Stlth+:    It makes you more stealthy.
Missiles
 g - 17 silver javelins (quivered)
 i - 7 atropa-tipped darts
 U - 6 datura-tipped darts
 V - 2 throwing nets
Armour
 k - the +2 pair of gloves "Legrakiv" (worn) {Will+ Str+2 Int+3}
   (You acquired it on level 3 of the Crypt)

   Str+2:     It affects your strength (+2).
   Int+3:     It affects your intelligence (+3).
   Will+:     It increases your willpower.
 m - the +1 robe of Vines (worn) {NoPotionHeal Regen++++}
   (You found it on level 5 of the Vaults)

   NoPotionHeal: Its wearer cannot be healed by potions.
   Regen++++: It increases your rate of health regeneration.
 y - a +5 kite shield of protection (worn)
 M - the +2 pair of boots of Past Mistakes (worn) {Will+ Str+4 Dex+4}
   (You found it on level 5 of the Lair of Beasts)

   Str+4:     It affects your strength (+4).
   Dex+4:     It affects your dexterity (+4).
   Will+:     It increases your willpower.
 O - the -2 hat of the Alchemist (worn) {rElec rPois rF+ rC+ rN+ Will+ rMut rCorr}
   (You bought it in a shop on level 3 of the Snake Pit)

   rF+:       It protects you from fire.
   rC+:       It protects you from cold.
   rElec:     It insulates you from electricity.
   rPois:     It protects you from poison.
   rN+:       It protects you from negative energy.
   Will+:     It increases your willpower.
   rCorr:     It protects you from acid and corrosion.
   rMut:      It protects you from mutation.
 R - the +3 pair of gauntlets of War {Slay+5}
   (You found it on level 2 of the Snake Pit)

   Slay+5:    It affects your accuracy & damage with ranged weapons and melee
   (+5).
 T - the +1 cloak of Starlight (worn) {*Dazzle EV+4 Stlth--}
   (You bought it in a shop on level 10 of the Dungeon)

   *Dazzle:   It may blind those who miss an attack against the wearer in melee
   combat.
   EV+4:      It affects your evasion (+4).
   Stlth--:   It makes you much less stealthy.
Magical Staves
 b - a staff of fire
Jewellery
 l - a +6 ring of intelligence
 n - an amulet of faith
 o - the ring of the Tortoise {AC+8}
   (You found it in the Desolation of Salt)

   [ring of protection]

   AC+8:      It affects your AC (+8).
 w - the ring of Doraforch (left hand) {Wiz rCorr Str+2}
   (You found it on level 5 of the Dungeon)

   [ring of wizardry]

   Wiz:       It improves your spell success rate.
   Str+2:     It affects your strength (+2).
   rCorr:     It protects you from acid and corrosion.
 H - the ring "Fothiat" {Wiz Fly rPois}
   (You found it in Pandemonium)

   [ring of wizardry]

   Wiz:       It improves your spell success rate.
   rPois:     It protects you from poison.
   Fly:       It grants you flight.
 I - the ring of Xaif (right hand) {Fire *Corrode rElec rN++ Int+3}
   (You took it off a guardian mummy on level 3 of the Crypt)

   [ring of fire]

   Fire:      It enhances your fire magic.
   Int+3:     It affects your intelligence (+3).
   rF+:       It protects you from fire.
   rC-:       It makes you vulnerable to cold.
   rElec:     It insulates you from electricity.
   rN++:      It greatly protects you from negative energy.
   *Corrode:  It may corrode you when you take damage.
 Q - the amulet of Vitality (around neck) {Regen++ RegenMP++}
   (You found it in a treasure trove)

   [amulet of nothing]

   Regen++:   It increases your rate of health regeneration.
   RegenMP++: It increases your rate of magic regeneration.
Talismans
 A - a talisman of death
Wands
 s - a wand of acid (27)
 t - a wand of roots (46)
 D - a wand of polymorph (64)
 G - a wand of digging (35)
Scrolls
 e - a scroll of enchant weapon
 f - 7 scrolls of fog
 h - 2 scrolls of enchant armour
 r - 9 scrolls of fear
 u - 4 scrolls of blinking
 v - a scroll of brand weapon
 L - 16 scrolls of teleportation
 Y - 3 scrolls of butterflies
Potions
 d - 19 potions of curing
 j - 3 potions of brilliance
 p - 20 potions of might
 q - 11 potions of enlightenment
 z - 4 potions of haste
 B - a potion of ambrosia
 F - a potion of resistance
 J - 5 potions of invisibility
 N - 4 potions of magic
 W - 4 potions of cancellation
Miscellaneous
 E - a box of beasts


   Skills:
 - Level 20.0 Fighting
 - Level 16.0 Axes
 - Level 5.0 Throwing
 - Level 15.6 Armour
 - Level 13.4 Dodging
 - Level 5.0 Stealth
 - Level 15.0 Shields
 - Level 15.8 Spellcasting
 - Level 15.1 Conjurations
 - Level 5.0 Hexes
 - Level 13.9 Summonings
 - Level 3.5 Necromancy
 - Level 5.0 Translocations
 - Level 22.6 Fire Magic
 - Level 10.0 Ice Magic
 - Level 5.0 Air Magic
 - Level 12.0 Earth Magic
 - Level 10.0 Alchemy
 - Level 18.0 Invocations
 - Level 5.0 Evocations
 + Level 19.1 Shapeshifting


You had 3 spell levels left.
You knew the following spells:

 Your Spells              Type           Power      Damage    Failure   Level
a - Ignition              Fire           65%        3d17      1%          8
b - Plasma Beam           Fire/Air       53%        2x1d68    1%          6
c - Permafrost Eruption   Ice/Erth       38%        2x4d11    1%          6
d - Spellforged Servitor  Conj/Summ      43%        N/A       2%          7
e - Ozocubu's Armour      Ice            73%        N/A       1%          3
f - Irradiate             Conj/Alch      41%        3d25      1%          5
g - Blink                 Tloc           100%       N/A       1%          2
i - Manifold Assault      Tloc           55%        N/A       1%          4
j - Yara's Violent Unrav  Hex/Alch       32%        3d13      1%          5
k - Brom's Barrelling Bo  Conj/Erth      84%        2d10      1%          4
l - Passage of Golubria   Tloc           55%        N/A       1%          4

Your spell library contained the following spells:

 Spells                   Type           Power      Damage    Failure   Level
 Foxfire                  Conj/Fire      100%       2x1d9     0%          1
 Magic Dart               Conj           100%       1d8       0%          1
 Sandblast                Erth           100%       2d20      0%          1
 Sting                    Conj/Alch      100%       1d9       0%          1
 Summon Small Mammal      Summ           100%       N/A       0%          1
 Call Imp                 Summ           100%       N/A       0%          2
 Scorch                   Fire           100%       2d9       0%          2
 Searing Ray              Conj           100%       2d8       0%          2
 Apportation              Tloc           100%       N/A       1%          1
 Freeze                   Ice            100%       1d10      1%          1
 Kiss of Death            Conj/Necr      100%       2d13      1%          1
 Necrotise                Necr           100%       1d9       1%          1
 Shock                    Conj/Air       100%       1d9       1%          1
 Slow                     Hex            100%       N/A       1%          1
 Cigotuvi's Dreadful Rot  Necr/Alch/Air  100%       N/A       1%          2
 Ensorcelled Hibernation  Hex/Ice        100%       N/A       1%          2
 Jinxbite                 Hex            100%       N/A       1%          2
 Lesser Beckoning         Tloc           100%       N/A       1%          2
 Mercury Vapours          Alch/Air       100%       N/A       1%          2
 Momentum Strike          Conj/Tloc      100%       3d10      1%          2
 Static Discharge         Conj/Air       100%       3-8/arc   1%          2
 Sublimation of Blood     Necr           48%        N/A       1%          2
 Call Canine Familiar     Summ           85%        N/A       1%          3
 Confusing Touch          Hex            55%        N/A       1%          3
 Dazzling Flash           Conj/Hex       100%       N/A       1%          3
 Frozen Ramparts          Ice            100%       1d16      1%          3
 Fugue of the Fallen      Necr           48%        N/A       1%          3
 Gell's Gravitas          Tloc           55%        N/A       1%          3
 Hailstorm                Conj/Ice       82%        3d14      1%          3
 Inner Flame              Hex/Fire       100%       N/A       1%          3
 Mephitic Cloud           Conj/Alch/Air  74%        N/A       1%          3
 Passwall                 Erth           80%        N/A       1%          3
 Sigil of Binding         Hex            55%        N/A       1%          3
 Stone Arrow              Conj/Erth      100%       3d13      1%          3
 Summon Ice Beast         Ice/Summ       80%        N/A       1%          3
 Swiftness                Air            55%        N/A       1%          3
 Teleport Other           Tloc           55%        N/A       1%          3
 Tukima's Dance           Hex            55%        N/A       1%          3
 Vampiric Draining        Necr           48%        2d9       1%          3
 Volatile Blastmotes      Fire/Tloc      100%       2d18      1%          3
 Flame Wave               Conj/Fire      100%       2d21      0%          4
 Summon Blazeheart Golem  Fire/Summ      100%       N/A       0%          4
 Airstrike                Air            27%        2d(4-20)  1%          4
 Anguish                  Hex/Necr       25%        N/A       1%          4
 Animate Armour           Summ/Erth      100%       N/A       1%          4
 Cause Fear               Hex            27%        N/A       1%          4
 Dimensional Bullseye     Hex/Tloc       27%        N/A       1%          4
 Fulminant Prism          Conj/Alch      41%        3d19      1%          4
 Ignite Poison            Fire/Alch      100%       N/A       1%          4
 Iskenderun's Mystic Bla  Conj/Tloc      74%        2d15      1%          4
 Leda's Liquefaction      Alch/Erth      38%        N/A       1%          4
 Martyr's Knell           Necr/Summ      69%        N/A       1%          4
 Olgreb's Toxic Radiance  Alch           73%        N/A       1%          4
 Petrify                  Alch/Erth      77%        N/A       1%          4
 Sticky Flame             Fire/Alch      100%       2d15      1%          4
 Summon Lightning Spire   Summ/Air       72%        N/A       1%          4
 Vhi's Electric Charge    Tloc/Air       100%       N/A       1%          4
 Alistair's Intoxication  Alch           48%        N/A       1%          5
 Arcjolt                  Conj/Air       37%        1d47      1%          5
 Borgnjor's Vile Clutch   Necr/Erth      33%        N/A       1%          5
 Fireball                 Conj/Fire      60%        3d23      1%          5
 Freezing Cloud           Conj/Ice/Air   37%        6-21      1%          5
 Iskenderun's Battlesphe  Conj           89%        2d14      1%          5
 Lee's Rapid Deconstruct  Erth           40%        3d20*     1%          5
 Metabolic Englaciation   Hex/Ice        32%        N/A       1%          5
 Summon Forest            Summ/Tloc      36%        N/A       1%          5
 Summon Mana Viper        Hex/Summ       72%        N/A       1%          5
 Bombard                  Conj/Erth      42%        9d7       1%          6
 Starburst                Conj/Fire      60%        6d16      1%          6
 Summon Cactus Giant      Summ           42%        N/A       1%          6
 Orb of Destruction       Conj           44%        9d12      1%          7
 Animate Dead             Necr           48%        N/A       2%          4
 Dispel Undead            Necr           48%        3d18      2%          4
 Conjure Ball Lightning   Conj/Air       37%        3x3d12    2%          6
 Eringya's Noxious Bog    Alch           36%        4d6       2%          6
 Sculpt Simulacrum        Ice/Alch       36%        N/A       2%          6
 Monstrous Menagerie      Summ           42%        N/A       3%          7
 Summon Hydra             Summ           42%        N/A       3%          7
 Silence                  Hex/Air        27%        N/A       4%          5
 Curse of Agony           Necr           48%        N/A       7%          5
 Ozocubu's Refrigeration  Ice            36%        4d15      16%         7
 Malign Gateway           Summ/Tloc      36%        N/A       19%         7
 Dispersal                Tloc           27%        N/A       21%         6
 Summon Horrible Things   Summ           42%        N/A       24%         8
 Haunt                    Necr/Summ      34%        N/A       26%         7
 Lehudib's Crystal Spear  Conj/Erth      42%        10d10     26%         8
 Death Channel            Necr           24%        N/A       34%         6
 Fire Storm               Conj/Fire      60%        8d15      41%         9
 Enfeeble                 Hex            27%        N/A       71%         7
 Dragon's Call            Summ           42%        N/A       97%         9
 Borgnjor's Revivificati  Necr           24%        N/A       100%        8
 Discord                  Hex            27%        N/A       100%        8
 Disjunction              Tloc           27%        N/A       100%        8
 Infestation              Necr           24%        N/A       100%        8
 Maxwell's Capacitive Co  Air            27%        ∞         100%        8
 Chain Lightning          Conj/Air       37%        3d49      100%        9
 Death's Door             Necr           24%        N/A       100%        9
 Polar Vortex             Ice            36%        12d4*     100%        9
 Shatter                  Erth           40%        3d31*     100%        9


Dungeon Overview and Level Annotations

Branches:
Dungeon (15/15)            Temple (1/1) D:6            Lair (5/5) D:9
 Shoals (4/4) Lair:2        Snake (4/4) Lair:2        Slime (5/5) Lair:4
    Orc (2/2) D:9             Elf (3/3) Orc:2        Vaults (5/5) D:14
  Crypt (3/3) Vaults:2       Tomb (1/3) Crypt:3      Depths (4/4) D:15
   Hell (visited)             Dis (0/7) Hell            Geh (0/7) Hell
    Coc (0/7) Hell            Tar (0/7) Hell            Zot (5/5) Depths:4
 WizLab (visited)         Desolation (visited)      Gauntlet (visited)

Altars:
Ashenzari
Cheibriados
Dithmenos
Elyvilon
Fedhas
Gozag
Hepliaklqana
Kikubaaqudgha
Makhleb
Nemelex Xobeh
Okawaru
Qazlal
Ru
Sif Muna
Trog
Uskayaw
Vehumet
Wu Jian
Xom
Yredelemnul
Zin
The Shining One
Beogh
Jiyva

Shops:
D:5 !   D:6 *   D:8 (   D:10 [   D:12 *   Orc:2 :(*[   Snake:1 !   Snake:3 [*?
Vaults:1 *   Vaults:2 ?   Vaults:3 (   Vaults:4 (   Depths:1 ==:
Depths:2 !(**

Portals:
Hell: Depths:1 Depths:2 Depths:3 Depths:4
Abyss: Depths:3
Pandemonium: Depths:2

Annotations:
D:13 1 transporter
Elf:2 1 runed translucent door
Abyss:1 Roxanne


Innate Abilities, Weirdness & Mutations

Your spellcasting is much less encumbered by armour.
You can use scrolls of enchantment on lesser artefacts.
Your skin changes colour to match your surroundings (Stealth+).
You have an uncontrollable temper.
Armour fits poorly on your strangely shaped body.
You are dopey. (Int -2)
You are frail. (-10% HP)
Your magical capacity is very low. (-20% MP)
Your system is resistant to poisons. (rPois)
You frequently scream uncontrollably at your foes.
You are weak. (Str -2)
Potions are less effective at restoring your health.
You are very vulnerable to cold. (rC--)
You are vulnerable to heat. (rF-)


Message History

The orb of fire completely resists.
The bolt of lightning hits the will-o-the-wisp.
The will-o-the-wisp resists.
The fiery plasma hits the orb of fire.
The orb of fire completely resists.
The fiery plasma hits the will-o-the-wisp!
The will-o-the-wisp resists.
The orb of fire glows yellow.
Strange energies course through your body.
You feel odd for a moment.
Unknown command.
Press: ? - help, v - describe, . - travel The floor.
Okay, then.
Unknown command.
Unknown command.
The salamander tyrant gazes fiercely through you!
You feel as though you will be weak longer.
The balrug gestures at you.
The fireball explodes!
The fireball engulfs you! You resist.
* * * LOW HITPOINT WARNING * * *
The orb of fire glows deep purple.
The fireball explodes!
The fireball engulfs you! You resist.
* * * LOW HITPOINT WARNING * * *
The fireball engulfs your spellforged servitor!
Your spellforged servitor resists.
The will-o-the-wisp gestures.
The will-o-the-wisp conjures some marshlight!
As you read the scroll of fog, it dissolves into smoke.
You destroy your spellforged servitor!
Your spellforged servitor disappears in a puff of smoke!
You kill the efreet!
Sif Muna accepts your kill.
The will-o-the-wisp gives a chilling moan.
A foxfire comes into view. x2
The orb of fire emits a lurid red light.
The fireball explodes!
The fireball engulfs you!! You resist.
* * * LOW HITPOINT WARNING * * *
The salamander tyrant calls gouts of flame from the lava!
The flame surge hits you! You resist.
You die...

▓.........▓
▓.........▓
▓▓.........▓▓▓▓▓
...............▓
...ߧ§§§§ß§§§..▓
....§§§§§§§§§..▓
§§.v§§§§§§§§§..▓
§v§v§§§§§§§§§.∩▓
=§Ntv§§§@§§§§..▓
...2§*§§§§§§§..▓
...ß*§§§§ß§§§..▓
....§§§§§§§§§..▓
▓▓..§§§§§§°▓▓▓▓▓
▓.........▓
▓.........▓
▓▓▓▓▓▓▓▓▓▓▓


You could see 2 orbs of fire, a balrug, a salamander tyrant, a fire crab and 2
will-o-the-wisps.

Vanquished Creatures
  the Royal Jelly (Slime:5)
  4 pandemonium lords
  Lom Lobon (Pan)
  2 dread liches
  6 orbs of fire
  2 ancient liches
  Mara (Vaults:2)
  A juggernaut (Depths:3)
  19 royal mummies
  Vv (Depths:2)
  Bai Suzhen (Crypt:1)
  10 Killer Klowns
  Vashnia (Snake:2)
  Saint Roka (Snake:4)
  A curse toe (Zot:4)
  A Head Instructor (WizLab)
  Margery (Crypt:2)
  Geryon (Hell)
  Nikola (Snake:3)
  9 golden dragons
  A profane servitor (Zig:6)
  2 bone dragons
  2 Tzitzimimeh (Pan)
  Jory (Depths:4)
  An electric golem (Zot:5)
  3 doom hounds (Crypt:1)
  Jorgrun (Snake:2)
  4 hellephants
  Zenata (Elf:1)
  18 tentacled monstrosities
  An Ice Fiend (Pan)
  21 Orb Guardians (Zot:5)
  7 Hell Sentinels (Pan)
  2 liches
  Grunn (Crypt:1)
  The ghost of Mrcake the Slayer, an adept MiGl of Gozag (Elf:3)
  A deep elf blademaster (Elf:3)
  Murray (Depths:1)
  Asterion (Depths:2)
  A walking frostbound tome (Depths:3)
  A deep elf master archer (Elf:3)
  11 quicksilver dragons
  18 sphinxes
  16 acid blobs
  5 ancient champions
  3 Executioners (Pan)
  11 titans
  3 krakens
  A tentacled starspawn (Zig:6)
  10 shadow dragons
  9 death cobs
  4 tengu reavers
  Agnes (Snake:3)
  11 storm dragons
  13 rockslimes
  A thorn hunter (Snake:2)
  Aizul (Snake:2)
  22 nagarajas
  6 draconian knights
  10 azure jellies
  3 revenants
  9 fire giants
  5 protean progenitors
  Donald (Orc:2)
  5 demonspawn warmongers (Pan)
  2 deep elf sorcerers
  11 frost giants
  4 draconian monks
  4 iron dragons
  2 emperor scorpions
  Louise (D:14)
  16 vault wardens
  3 draconian scorchers
  2 deep elf elementalists (Elf:3)
  A caustic shrike zombie (Hell)
  9 balrugs
  5 curse skulls
  2 imperial myrmidons (Desolation)
  A ghost moth (Zot:5)
  A draconian shifter (Zot:1)
  7 cacodemons (Pan)
  5 demonspawn corrupters (Pan)
  2 angels (Vaults:2)
  9 reapers
  6 draconian stormcallers
  3 ghouls (Crypt:2)
  22 ironbound preservers
  4 demonspawn blood saints (Pan)
  2 orc warlords (Orc:2)
  12 draconian annihilators
  A broodmother (Zig:7)
  13 quicksilver oozes
  12 stone giants
  2 formless jellyfish
  An ironbound thunderhulk (Vaults:4)
  11 green draconians
  22 very ugly things
  6 vampire knights
  7 deep elf death magi
  7 deep elf annihilators
  11 lorocyprocas (Pan)
  5 war gargoyles
  9 black draconians
  9 deep elf demonologists
  9 red draconians
  A dire elephant (Lair:5)
  A minotaur (Gauntlet)
  15 purple draconians
  4 yellow draconians
  Azrael (Snake:3)
  6 white draconians
  9 demonspawn black suns (Pan)
  3 halazid warlocks (Desolation)
  4 spark wasps
  Snorg (D:14)
  9 mummy priests
  15 ettins
  An ettin (shapeshifter) (Depths:3)
  An eidolon (Crypt:2)
  18 blizzard demons
  10 green deaths
  3 merfolk javelineers (Shoals:4)
  2 entropy weavers
  10 merfolk impalers
  11 jiangshi
  14 fire dragons
  An entropy weaver (shapeshifter) (D:14)
  2 crystal guardians
  The ghost of docpaisley the Fighter, a journeyman MDFi of the Shining One (D:10)
  4 deep elf high priests
  15 great orbs of eyes
  A kraken zombie (Hell)
  9 yaktaur captains
  2 spriggan zombies
  8 ragged hierophants (Desolation)
  4 ice dragons
  9 servants of whispers (Desolation)
  Erolcha (Orc:2)
  9 hydras
  33 vault guards
  2 rakshasas
  4 salamander tyrants
  2 hell beasts (Pan)
  7 peacekeepers
  A jorogumo (Pan)
  A fenstrider witch zombie (Crypt:1)
  12 anacondas
  7 spriggan air magi
  6 alligators
  4 ogre magi
  3 alligator snapping turtles
  An anaconda (shapeshifter) (Depths:3)
  3 merfolk avatars
  2 catoblepae
  17 centaur warriors
  3 merfolk aquamancers
  7 boulder beetles
  28 dancing weapons
  3 sphinx zombies (Hell)
  4 ironbound frosthearts
  2 fenstrider witch skeletons
  2 satyrs (Shoals:1)
  A spriggan skeleton (Crypt:3)
  6 deep troll earth magi
  3 two-headed ogres
  6 death scarabs (Tomb:1)
  5 deep troll shamans
  13 demonic crawlers
  23 naga sharpshooters
  A death knight (Crypt:2)
  4 tengu warriors
  25 naga warriors
  2 titan zombies
  A sphinx skeleton (Crypt:1)
  6 death yaks
  8 thrashing horrors
  4 orc high priests (Orc:2)
  4 spriggan berserkers
  10 hell hogs
  9 vampire magi
  9 skysharks
  5 occultists
  6 shock serpents
  13 deep elf knights
  Urug (Lair:1)
  27 sun demons
  28 soul eaters
  2 fire crabs
  20 hell knights
  A titan skeleton (Crypt:2)
  6 iron trolls
  A shadow wraith (Crypt:3)
  12 sixfirhies
  2 wretched stars
  6 salamander mystics
  20 skeletal warriors
  2 spatial maelstroms (Zig:6)
  A deep troll (shapeshifter) (Vaults:5)
  A golden dragon zombie (Depths:2)
  3 goliath frogs
  17 sea snakes
  A sea snake (shapeshifter) (Vaults:2)
  A pharaoh ant (Zig:7)
  A death drake (Zot:4)
  7 naga ritualists
  12 deep elf archers
  9 shadow demons (Pan)
  5 arcanists
  2 glowing orange brains (shapeshifter)
  8 glowing orange brains
  An orb spider (shapeshifter) (Vaults:3)
  A bunyip zombie (Tomb:1)
  A spark wasp zombie (Hell)
  51 deep trolls
  2 tengu zombies (Hell)
  2 swamp dragons (Snake:2)
  2 flayed ghosts
  9 bog bodies
  2 golden dragon skeletons
  18 mana vipers
  An anaconda skeleton (Hell)
  19 ironbound convokers
  7 lindwurms
  5 harpies (Shoals:4)
  23 necromancers
  16 orc knights
  4 thermic dynamos (Elf:2)
  2 obsidian bats (Orc:1)
  A shadow dragon zombie (Hell)
  14 large abominations
  7 phantasmal warriors
  23 deep elf pyromancers
  10 manticores
  A steelbarb worm (Zig:7)
  An alligator skeleton (Crypt:3)
  A will-o-the-wisp (Zig:5)
  3 oklob plants
  3 wolf spiders
  16 deep elf zephyrmancers
  11 shining eyes
  2 frost giant zombies
  A shadow dragon skeleton (Depths:2)
  A tengu skeleton (Depths:2)
  21 elephants
  8 fauns (Shoals:1)
  2 worldbinders (Abyss:3)
  An iron dragon skeleton (Depths:2)
  3 kobold blastminers (Orc:2)
  3 spectral centaurs (D:10)
  17 moths of wrath
  3 stone giant zombies
  33 ugly things
  14 salamanders
  8 merfolk sirens
  4 cyclopes
  A frost giant skeleton (Vaults:4)
  3 meliai (Gauntlet)
  An apocalypse crab (Abyss:3)
  41 black mambas
  2 ice statues (Hell)
  A naga zombie (Crypt:3)
  An elephant slug zombie (Crypt:2)
  A dire elephant zombie (Hell)
  10 rust devils
  3 eyes of devastation
  2 torpor snails
  4 vault sentinels
  A centaur zombie (Hell)
  14 guardian serpents
  45 smoke demons
  A titan simulacrum (Depths:2)
  8 molten gargoyles
  8 water nymphs
  A cane toad (shapeshifter) (D:13)
  A centaur skeleton (Hell)
  9 orange demons
  2 gargoyles
  A black draconian zombie (Crypt:3)
  21 cane toads
  23 naga magi
  21 hellions (Pan)
  2 nameless horrors (Pan)
  2 rime drakes
  5 efreet
  A kobold demonologist (D:11)
  A yellow draconian zombie (Crypt:3)
  3 freezing wraiths
  Jeremiah (D:8)
  A dire elephant skeleton (Hell)
  30 yaktaurs
  A tormentor (Hell)
  12 komodo dragons
  An alligator snapping turtle skeleton (Crypt:1)
  A sea snake zombie (Hell)
  2 ice devils (Pan)
  42 guardian mummies
  3 sea snake skeletons
  A tengu conjurer (Depths:3)
  2 yaktaur skeletons
  4 ancient zymes (Abyss:3)
  A golden dragon simulacrum (Depths:2)
  4 red devils
  4 polar bears
  12 trolls
  A death yak skeleton (Crypt:1)
  2 hydra zombies (Hell)
  A minotaur skeleton (Crypt:1)
  21 merfolk
  2 tarantellas
  25 hellwings (Pan)
  2 great orb of eyes zombies (Crypt:1)
  12 wind drakes
  A hydra skeleton (Hell)
  59 saltlings (Desolation)
  16 blink frogs
  3 hornets
  A harpy skeleton (Crypt:3)
  2 tyrant leeches
  11 raiju (Abyss:3)
  4 glass eyes
  20 dream sheep
  An ettin zombie (Hell)
  A jumping spider (Vaults:1)
  11 snapping turtles
  109 slime creatures
  A satyr skeleton (Crypt:2)
  3 ettin skeletons
  A culicivora (Zig:7)
  A spriggan (Depths:2)
  7 air elementals
  24 ynoxinuls
  18 water elementals
  2 yaks (shapeshifter)
  A centaur simulacrum (D:10)
  9 humans (D:14)
  57 yaks
  A shadow (D:11)
  14 ushabtiu
  8 fire elementals
  7 wyverns
  8 wraiths
  9 fire bats
  3 starcursed masses (Abyss:3)
  An alligator snapping turtle simulacrum (Crypt:3)
  3 steam dragons
  A golden eye (shapeshifter) (D:14)
  4 wargs
  4 basilisks
  4 golden eyes (Slime:4)
  9 redbacks
  13 vampire mosquitoes
  8 neqoxecs
  2 glowing shapeshifter zombies
  A redback simulacrum (D:10)
  12 chaos spawn (Pan)
  Menkaure (D:5)
  An acid dragon (D:11)
  A skyshark zombie (Crypt:3)
  5 swamp worms (Snake:2)
  18 water moccasins
  2 glowing shapeshifter skeletons
  2 human zombies (Vaults:2)
  45 nagas
  6 hell hounds
  A naga skeleton (Crypt:3)
  29 orc warriors
  A cane toad skeleton (Crypt:2)
  A sky beast (D:7)
  A black bear (D:4)
  2 ice beasts
  2 swamp drakes
  18 laughing skulls
  An ettin simulacrum (Hell)
  11 wolves
  12 boggarts (Vaults:3)
  10 ogres
  A swamp dragon skeleton (Crypt:3)
  A phantom (D:6)
  17 centaurs
  An elf simulacrum (Vaults:4)
  An elf zombie (Elf:1)
  19 bullfrogs
  A rime drake skeleton (Crypt:2)
  Blork the orc (D:6)
  A glowing shapeshifter simulacrum (Vaults:2)
  2 gnoll sergeants
  An earth elemental (Elf:2)
  An elf skeleton (Crypt:2)
  4 scorpions
  A vine stalker zombie (Crypt:3)
  4 small abominations (Abyss:3)
  22 wights
  A cyclops skeleton (Crypt:3)
  4 killer bees (D:10)
  A yak skeleton (Crypt:2)
  2 bombardier beetles
  14 electric eels
  4 jellies (Lair:4)
  18 orc priests
  3 hounds
  A gnoll bouda (D:3)
  A human skeleton (Crypt:1)
  2 iguanas
  14 orc wizards
  29 mummies
  A hound skeleton (Crypt:2)
  12 gnolls
  9 adders
  2 shadow imps (D:6)
  4 white imps
  8 ufetubi
  4 dart slugs (D:4)
  2 ribbon worms
  73 orcs
  10 endoplasms
  3 giant cockroaches
  A goblin (D:2)
  5 hobgoblins
  2 quokkas
  4 ball pythons
  3 bats
  4 frilled lizards
  3 kobolds
  6 rats
  An aspiring flesh (Depths:4)
  2 butterflies
  2 starspawn tentacles (Zig:6)
  15 tentacles
3095 creatures vanquished.

Vanquished Creatures (collateral kills)
  A royal mummy (Tomb:1)
  A pandemonium lord (Pan)
  3 golden dragons (Zot:4)
  An electric golem (Zot:5)
  4 Orb Guardians (Zot:5)
  A quicksilver dragon (Zot:4)
  3 acid blobs
  3 deep elf blademasters (Elf:3)
  A deep elf master archer (Elf:3)
  A titan (Pan)
  A death cob (Zot:1)
  A sphinx (Crypt:3)
  A nagaraja (Pan)
  3 storm dragons
  4 demonspawn warmongers (Pan)
  A revenant (Tomb:1)
  A fenstrider witch (Pan)
  2 draconian monks
  2 azure jellies
  A draconian scorcher (Zot:4)
  3 deep elf sorcerers (Elf:3)
  2 rockslimes (Slime:5)
  2 deep elf elementalists (Elf:3)
  A cacodemon (Abyss:3)
  3 reapers (Pan)
  A demonspawn blood saint (Pan)
  A quicksilver ooze (Slime:2)
  A deep elf demonologist (Elf:3)
  2 deep elf death magi (Elf:3)
  A red draconian (Zot:2)
  2 purple draconians (Zot:4)
  2 green draconians (Zot:4)
  A white draconian (Zot:4)
  3 deep elf annihilators (Elf:3)
  2 yellow draconians
  4 blizzard demons (Pan)
  A shambling mangrove (Abyss:3)
  2 green deaths (Pan)
  4 deep elf high priests (Elf:3)
  A demonic crawler (Pan)
  3 dancing weapons
  2 deep elf knights (Elf:2)
  A shadow demon (Pan)
  2 deep elf archers (Elf:3)
  5 deep elf zephyrmancers
  2 shining eyes
  A deep elf pyromancer (Elf:2)
  A fire giant zombie (Hell)
  2 moths of wrath (Zot:1)
  A black mamba (shapeshifter) (Elf:3)
  3 eyes of devastation
  4 smoke demons (Pan)
  2 large abominations
  2 hellions (Pan)
  6 guardian mummies
  3 hellwings (Pan)
  A hornet (Abyss:3)
  A glass eye (Slime:5)
  A raiju (Abyss:3)
  A ynoxinul (Pan)
  10 slime creatures
  3 ushabtiu (Crypt:3)
  4 laughing skulls (Abyss:3)
  A small abomination (Abyss:3)
  2 mummies (Tomb:1)
  3 foxfires
142 creatures vanquished.

Vanquished Creatures (others)
  2 demonspawn blood saints (Pan)
  A lorocyproca (Pan)
  A green death (Pan)
  A sixfirhy (Pan)
  A large abomination (Elf:1)
  3 smoke demons (Pan)
  An ettin skeleton (Hell)
  A chaos spawn (Pan)
  3 elf zombies (Elf:1)
  3 ball lightnings (Pan)
  A fire vortex (Crypt:1)
  316 foxfires
  9 tentacles
343 creatures vanquished.

Grand Total: 3580 creatures vanquished

Notes
Turn   | Place    | Note
-------+----------+-------------------------------------------
     0 | D:1      | docpaisley the Mountain Dwarf Fire Elementalist began the
                  | quest for the Orb.
     0 | D:1      | Reached XP level 1. HP: 14/14 MP: 3/3
   130 | D:1      | Found a roughly hewn altar of Beogh.
   135 | D:1      | Reached skill level 1 in Conjurations
   187 | D:1      | Found a faded altar of an unknown god.
   488 | D:1      | Reached XP level 2. HP: 22/22 MP: 1/4
   532 | D:1      | Learned a level 2 spell: Scorch
  1113 | D:2      | Reached skill level 1 in Fighting
  1146 | D:2      | Reached skill level 1 in Armour
  1146 | D:2      | Reached skill level 4 in Fire Magic
  1146 | D:2      | Reached XP level 3. HP: 12/28 MP: 0/6
  1906 | D:3      | Found a hazy altar of Hepliaklqana.
  2553 | D:4      | Noticed a scorpion
  2566 | D:4      | Killed a scorpion
  2567 | D:4      | Reached XP level 4. HP: 26/36 MP: 0/7
  2789 | D:4      | Upgraded the game from 0.32-a0-798-gfa783ce77f to
                  | 0.32-a0-814-g0968bab981
  2842 | D:3      | Reached XP level 5. HP: 33/41 MP: 0/8
  3033 | D:3      | Learned a level 2 spell: Searing Ray
  3037 | D:3      | Learned a level 3 spell: Volatile Blastmotes
  3341 | D:4      | Reached XP level 6. HP: 50/50 MP: 10/10
  3448 | D:4      | Reached skill level 5 in Fire Magic
  3590 | D:4      | Learned a level 3 spell: Hailstorm
  3730 | D:4      | Identified the +4 robe of Sif Muna's Anger {Rampage Str-5
                  | Dex-4 Archmagi}
  4126 | D:5      | Entered Level 5 of the Dungeon
  4308 | D:5      | Noticed an ice beast
  4314 | D:5      | Killed an ice beast
  4315 | D:5      | Reached XP level 7. HP: 41/57 MP: 2/11
  4547 | D:5      | Noticed Menkaure
  4554 | D:5      | Killed Menkaure
  4721 | D:5      | Found a basalt altar of Yredelemnul.
  4907 | D:5      | Reached skill level 6 in Fire Magic
  5026 | D:5      | Reached XP level 8. HP: 66/66 MP: 0/13
  5238 | D:5      | Identified the ring of Doraforch {Wiz rCorr Str+2}
  5523 | D:5      | Found Moineam's Distillery.
  5526 | D:5      | Bought a potion of curing for 36 gold pieces
  5526 | D:5      | Bought a potion of heal wounds for 60 gold pieces
  5556 | D:6      | Noticed Blork the orc
  5565 | D:6      | Killed Blork the orc
  6128 | D:6      | Found Xiyhuu's Serpentskin Sales.
  6197 | D:6      | Identified the +0 leather armour of the Ten Hurtling Seers
                  | {rF- Will++ rCorr SInv}
  6265 | D:6      | Found a staircase to the Ecumenical Temple.
  6271 | Temple   | Entered the Ecumenical Temple
  6304 | Temple   | Became a worshipper of Sif Muna the Loreminder
  6636 | D:7      | Reached skill level 1 in Translocations
  6838 | D:7      | Learned a level 4 spell: Flame Wave
  6857 | D:7      | Reached skill level 5 in Fighting
  6857 | D:7      | Reached skill level 5 in Armour
  6857 | D:7      | Reached skill level 1 in Ice Magic
  7397 | D:7      | Reached skill level 7 in Fire Magic
  7467 | D:7      | Reached XP level 9. HP: 74/74 MP: 6/15
  7815 | D:7      | Reached * piety under Sif Muna
  8242 | D:8      | Found Rus Epihij's Antique Weapon Emporium.
  8333 | D:8      | Reached skill level 5 in Conjurations
  8445 | D:8      | Reached skill level 5 in Spellcasting
  8810 | D:8      | Learned a level 2 spell: Blink
  8878 | D:8      | Reached skill level 8 in Fire Magic
  9035 | D:8      | Noticed Jeremiah
  9054 | D:8      | Killed Jeremiah
  9055 | D:8      | Reached XP level 10. HP: 80/84 MP: 7/18
  9407 | D:8      | Noticed a skeletal warrior
  9443 | D:8      | Killed a skeletal warrior
 10313 | D:9      | Found a shadowy altar of Dithmenos.
 10313 | D:9      | Found a hide-covered altar of Uskayaw.
 10315 | D:9      | Found a blossoming altar of Fedhas.
 10340 | D:9      | Reached ** piety under Sif Muna
 10674 | D:9      | Found a broken altar of Ashenzari.
 10767 | D:9      | Identified the +7 chain mail of Rerumm {Will+++ Int+4 Dex-4
                  | Stlth-}
 10919 | D:9      | Noticed a two-headed ogre
 10930 | D:9      | Killed a two-headed ogre
 10931 | D:9      | Reached skill level 1 in Alchemy
 11175 | D:9      | Found a white marble altar of Elyvilon.
 11175 | D:9      | Found a glowing golden altar of the Shining One.
 11175 | D:9      | Found a glowing silver altar of Zin.
 11300 | D:9      | Found a staircase to the Orcish Mines.
 11565 | D:9      | Reached skill level 1 in Invocations
 11569 | D:9      | Reached skill level 9 in Fire Magic
 11708 | D:9      | Found a staircase to the Lair.
 11841 | D:10     | Entered Level 10 of the Dungeon
 11935 | D:10     | Learned a level 3 spell: Frozen Ramparts
 12104 | D:10     | Reached XP level 11. HP: 83/93 MP: 13/20
 12325 | D:10     | Found Woushriv's Antique Armour Emporium.
 12455 | D:10     | Found a runed translucent gate.
 12455 | D:10     | Found a runed translucent gate.
 12456 | D:10     | Found a runed translucent gate.
 12460 | D:10     | Noticed docpaisley's ghost (journeyman MDFi)
 13036 | D:11     | Noticed a white ugly thing
 13046 | D:11     | Killed a white ugly thing
 13047 | D:11     | Reached skill level 5 in Ice Magic
 13169 | D:11     | Reached *** piety under Sif Muna
 13475 | D:11     | Reached skill level 5 in Invocations
 14718 | D:12     | Found a portal to a secret trove of treasure.
 14726 | D:12     | Noticed a cyan ugly thing
 14732 | D:12     | Noticed a brown ugly thing
 14733 | D:12     | Killed a cyan ugly thing
 14755 | D:12     | Killed a brown ugly thing
 14920 | D:12     | Noticed a two-headed ogre
 14921 | D:12     | Noticed a boulder beetle
 15379 | Lair:1   | Entered Level 1 of the Lair of Beasts
 16085 | Lair:1   | Noticed Urug
 16102 | Lair:1   | Killed Urug
 16732 | Lair:1   | Reached XP level 12. HP: 82/101 MP: 15/22
 16923 | Lair:1   | Reached skill level 5 in Alchemy
 17044 | Lair:1   | Learned a level 4 spell: Ignite Poison
 18018 | Lair:2   | Found a staircase to the Shoals.
 18228 | Lair:2   | Found a staircase to the Snake Pit.
 18593 | Lair:2   | Noticed a catoblepas
 18603 | Lair:2   | Killed a catoblepas
 19304 | Lair:2   | Reached **** piety under Sif Muna
 19739 | Lair:2   | Noticed a death yak
 19748 | Lair:2   | Killed a death yak
 19823 | Lair:2   | Noticed a six-headed hydra
 19839 | Lair:2   | Killed a six-headed hydra
 20805 | Lair:2   | Learned a level 4 spell: Olgreb's Toxic Radiance
 20810 | Lair:3   | Reached XP level 13. HP: 100/107 MP: 14/26
 21332 | Lair:3   | Reached ***** piety under Sif Muna
 21695 | Lair:3   | Reached skill level 10 in Fighting
 21761 | Lair:3   | Reached skill level 12 in Fire Magic
 21761 | Lair:3   | Reached XP level 14. HP: 121/121 MP: 27/27
 21979 | Lair:3   | Reached skill level 5 in Dodging
 22234 | Lair:3   | You fall into a shaft and drop 2 floors!
 22234 | Lair:5   | Entered Level 5 of the Lair of Beasts
 22748 | Lair:5   | Reached skill level 10 in Invocations
 23238 | Lair:4   | Received a gift from Sif Muna
 23471 | Lair:4   | Got Sif Muna's Tome of Electric Left-Handed Liturgies {god
                  | gift}
 23809 | Lair:3   | Learned a level 5 spell: Irradiate
 24465 | Lair:3   | Found a blossoming altar of Fedhas.
 24908 | Lair:4   | Reached skill level 13 in Fire Magic
 24913 | Lair:4   | Reached XP level 15. HP: 105/126 MP: 9/28
 25273 | Lair:4   | Found a staircase to the Slime Pits.
 25308 | Lair:4   | Found a viscous altar of Jiyva.
 26212 | Lair:5   | Reached skill level 14 in Fire Magic
 26895 | Lair:5   | Reached skill level 15 in Fire Magic
 26901 | Lair:5   | Received a gift from Sif Muna
 27030 | Lair:5   | Got Sif Muna's Excursus on Kinetic Energy {god gift}
 27094 | Lair:5   | Identified the +2 pair of boots of Past Mistakes {Will+
                  | Str+4 Dex+4}
 27470 | Lair:5   | Identified the amulet "Molag" {Spirit Dex+3}
 27530 | Lair:5   | Reached skill level 16 in Fire Magic
 27789 | D:10     | Bought the +1 cloak of Starlight {*Dazzle EV+4 Stlth--} for
                  | 976 gold pieces
 27789 | D:10     | Found the +1 cloak of Starlight {*Dazzle EV+4 Stlth--}
 28498 | D:10     | Killed docpaisley's ghost
 29027 | D:12     | Found Wipt's Gadget Gallery.
 29582 | D:13     | Found a transporter.
 29973 | D:13     | Reached skill level 10 in Spellcasting
 30753 | D:14     | Noticed Snorg
 30762 | D:14     | Killed Snorg
 30925 | D:14     | Noticed Louise
 30936 | D:14     | Killed Louise
 31475 | D:14     | Learned a level 6 spell: Starburst
 31486 | D:14     | Found a gate to the Vaults.
 31955 | D:15     | Entered Level 15 of the Dungeon
 32649 | D:15     | Found a staircase to the Depths.
 33572 | D:15     | Reached XP level 16. HP: 134/134 MP: 31/31
 33987 | Orc:1    | Entered Level 1 of the Orcish Mines
 34396 | D:8      | Bought a slimy falchion for 232 gold pieces
 34396 | D:8      | Identified the +1 falchion "Ycygyopa" {heavy, Int+3} (You
                  | bought it in a shop on level 8 of the Dungeon)
 34473 | D:10     | Bought a warped robe for 182 gold pieces
 34473 | D:10     | Identified the +1 robe of the Imp {Will+ Dex+2} (You bought
                  | it in a shop on level 10 of the Dungeon)
 34736 | Orc:1    | Reached skill level 17 in Fire Magic
 35008 | Orc:1    | You fall into a shaft and drop 1 floor!
 35008 | Orc:2    | Entered Level 2 of the Orcish Mines
 35025 | Orc:2    | Found Gaumn's Antique Armour Emporium.
 35058 | Orc:2    | Found a gate leading to a gauntlet.
 35070 | Gauntlet | Entered a Gauntlet
 35070 | Gauntlet | Found a transporter.
 35070 | Gauntlet | Found a transporter.
 35070 | Gauntlet | Found a transporter.
 35081 | Gauntlet | Found a transporter.
 35082 | Gauntlet | Found a transporter.
 35082 | Gauntlet | Found a transporter.
 35100 | Gauntlet | Found a transporter.
 35102 | Gauntlet | Found a transporter.
 35104 | Gauntlet | Found a large runed translucent door.
 35105 | Gauntlet | Found a large runed translucent door.
 35106 | Gauntlet | Found a large runed translucent door.
 35106 | Gauntlet | Found a large runed translucent door.
 35106 | Gauntlet | Found a runed translucent door.
 35107 | Gauntlet | Found a large runed translucent door.
 35113 | Gauntlet | Found a large runed translucent door.
 35113 | Gauntlet | Found a large runed translucent door.
 35114 | Gauntlet | Found a large runed translucent door.
 35116 | Gauntlet | Found a runed translucent gate.
 35118 | Gauntlet | Found a transporter.
 35240 | Gauntlet | Found a transporter.
 35242 | Gauntlet | Found a transporter.
 35244 | Gauntlet | Found a large runed translucent door.
 35245 | Gauntlet | Found a large runed translucent door.
 35246 | Gauntlet | Found a large runed translucent door.
 35246 | Gauntlet | Found a large runed translucent door.
 35246 | Gauntlet | Found a runed translucent door.
 35247 | Gauntlet | Found a large runed translucent door.
 35251 | Gauntlet | Found a large runed translucent door.
 35252 | Gauntlet | Found a large runed translucent door.
 35252 | Gauntlet | Found a large runed translucent door.
 35256 | Gauntlet | Found a runed translucent gate.
 35256 | Gauntlet | Found a runed translucent gate.
 35258 | Gauntlet | Found a transporter.
 35945 | Gauntlet | Identified the +4 sling of Soryinn {flame, Int+2}
 35950 | Gauntlet | Identified the +0 helmet of the Zebrataur {Str+2}
 35981 | Gauntlet | Received a gift from Sif Muna
 35990 | Gauntlet | Got Sif Muna's Cyclopedia of Bright Conduction {god gift}
 36100 | Gauntlet | Identified the +5 ring mail "Ynkimu" {Dex+5}
 36188 | Gauntlet | Identified the +0 pair of boots of the Desert {Harm ^Drain
                  | rElec Will+}
 36200 | Gauntlet | Identified the +1 cloak of a bailey {rN+ Will+ Str+4}
 36292 | Orc:2    | Reached skill level 18 in Fire Magic
 36940 | Orc:2    | Found Dareffi's General Store.
 37214 | Orc:2    | Noticed Erolcha
 37224 | Orc:2    | Killed Erolcha
 37377 | Orc:2    | Found Peceer's Book Emporium.
 37411 | Orc:2    | Found a staircase to the Elven Halls.
 37506 | Orc:2    | Found Acaann's Antique Weapon Boutique.
 37676 | Orc:2    | Noticed Donald
 37685 | Orc:2    | Killed Donald
 38025 | Orc:2    | Reached skill level 19 in Fire Magic
 38462 | Orc:2    | Found a roughly hewn altar of Beogh.
 38696 | Orc:2    | Bought a pair of embroidered gloves for 255 gold pieces
 38747 | Orc:2    | Bought a fading scimitar for 216 gold pieces
 38747 | Orc:2    | Identified the +4 scimitar "Guesob" {spect, rN+} (You
                  | bought it in a shop on level 2 of the Orcish Mines)
 38749 | Orc:2    | Bought a scorched morningstar for 216 gold pieces
 38749 | Orc:2    | Identified the +1 morningstar of Upheaval {protect, rElec
                  | Will- Int+4 Dex+2} (You bought it in a shop on level 2 of
                  | the Orcish Mines)
 39089 | D:5      | Bought a potion of resistance for 120 gold pieces
 39301 | Snake:1  | Entered Level 1 of the Snake Pit
 39790 | Snake:1  | Found Henuover's Distillery.
 40420 | Snake:1  | Reached skill level 20 in Fire Magic
 41736 | Snake:2  | Found a shimmering altar of Xom.
 41758 | Snake:2  | Reached XP level 17. HP: 94/140 MP: 1/33
 42188 | Snake:2  | Noticed a tentacled monstrosity
 42196 | Snake:2  | Killed a tentacled monstrosity
 42547 | Snake:1  | Learned a level 8 spell: Ignition
 42668 | Snake:2  | Noticed Jorgrun
 42677 | Snake:2  | Killed Jorgrun
 42841 | Snake:2  | Identified the serpent talisman of the Storm King {+Blink
                  | rN+ MP+9 Int+5 Dex-5}
 42841 | Snake:2  | Noticed Aizul
 42846 | Snake:2  | Killed Aizul
 43490 | Snake:2  | Identified the amulet of Vothox {Rampage rC- rN++ Regen+
                  | Dex-2}
 43622 | Snake:2  | Identified the +8 rapier of Gravity {freeze, Int+5}
 43628 | Snake:2  | Noticed Vashnia
 44155 | Snake:2  | Killed Vashnia
 44639 | Snake:2  | Gained mutation: Your body sometimes deteriorates upon
                  | taking damage. [mutagenic glow]
 44651 | Snake:2  | Gained mutation: You occasionally lose the ability to read
                  | scrolls when taking damage. [mutagenic glow]
 44914 | Snake:2  | Lost mutation: Your body sometimes deteriorates upon taking
                  | damage. [potion of mutation]
 44914 | Snake:2  | Lost mutation: You occasionally lose the ability to read
                  | scrolls when taking damage. [potion of mutation]
 44914 | Snake:2  | Gained mutation: You are partially covered in iridescent
                  | scales. (AC +2) [potion of mutation]
 44914 | Snake:2  | Gained mutation: Your health recovers twice as slowly from
                  | being drained. [potion of mutation]
 44914 | Snake:2  | Gained mutation: You are frail. (-10% HP) [potion of
                  | mutation]
 44915 | Snake:2  | Lost mutation: You are partially covered in iridescent
                  | scales. (AC +2) [potion of mutation]
 44915 | Snake:2  | Lost mutation: You are frail. (-10% HP) [potion of
                  | mutation]
 44915 | Snake:2  | Gained mutation: You are agile. (Dex +4, Str/Int -1)
                  | [potion of mutation]
 44916 | Snake:2  | Lost mutation: Your health recovers twice as slowly from
                  | being drained. [potion of mutation]
 44916 | Snake:2  | Lost mutation: You are agile. (Dex +4, Str/Int -1) [potion
                  | of mutation]
 44916 | Snake:2  | Gained mutation: You are vulnerable to cold. (rC-) [potion
                  | of mutation]
 44917 | Snake:2  | Lost mutation: You are vulnerable to cold. (rC-) [potion of
                  | mutation]
 44917 | Snake:2  | Gained mutation: You possess an exceptional clarity of
                  | mind. [potion of mutation]
 44917 | Snake:2  | Gained mutation: You are agile. (Dex +4, Str/Int -1)
                  | [potion of mutation]
 44917 | Snake:2  | Gained mutation: You do not regenerate when monsters are
                  | visible. [potion of mutation]
 44917 | Snake:2  | Gained mutation: Your muscles are strong. (Str +4, Int/Dex
                  | -1) [potion of mutation]
 44918 | Snake:2  | Lost mutation: Your muscles are strong. (Str +4, Int/Dex
                  | -1) [potion of mutation]
 44918 | Snake:2  | Lost mutation: You are agile. (Dex +4, Str/Int -1) [potion
                  | of mutation]
 44918 | Snake:2  | Gained mutation: Your body sometimes deteriorates upon
                  | taking damage. [potion of mutation]
 44918 | Snake:2  | Gained mutation: You passively map a small area around you.
                  | [potion of mutation]
 44918 | Snake:2  | Gained mutation: Your flesh is heat resistant. (rF+)
                  | [potion of mutation]
 44919 | Snake:2  | Lost mutation: Your flesh is heat resistant. (rF+) [potion
                  | of mutation]
 44919 | Snake:2  | Lost mutation: Your body sometimes deteriorates upon taking
                  | damage. [potion of mutation]
 44919 | Snake:2  | Gained mutation: You are occasionally teleported next to
                  | monsters. [potion of mutation]
 44919 | Snake:2  | Gained mutation: You are strong-willed. (Will+) [potion of
                  | mutation]
 45175 | D:5      | Bought 2 potions of mutation for 192 gold pieces
 45175 | D:5      | Lost mutation: You are strong-willed. (Will+) [potion of
                  | mutation]
 45175 | D:5      | Lost mutation: You are occasionally teleported next to
                  | monsters. [potion of mutation]
 45175 | D:5      | Lost mutation: You do not regenerate when monsters are
                  | visible. [potion of mutation]
 45175 | D:5      | Gained mutation: You have a pair of small horns on your
                  | head. [potion of mutation]
 45460 | Snake:2  | Identified the +2 helmet of Nirigiph {rC+ Will+ Dex+2 SInv}
 45560 | Snake:2  | Found the +3 pair of gauntlets of War {Slay+5}
 45605 | Snake:2  | Reached skill level 5 in Translocations
 46685 | Shoals:1 | Entered Level 1 of the Shoals
 47185 | Shoals:1 | Reached skill level 10 in Armour
 47288 | Shoals:1 | Received a gift from Sif Muna
 47310 | Shoals:1 | Got Lyedestuti's Writings on Causimancy and Generation {god
                  | gift}
 47327 | Shoals:1 | Upgraded the game from 0.32-a0-814-g0968bab981 to
                  | 0.32-a0-815-g315f82d515
 47463 | Shoals:1 | Noticed Roxanne
 48161 | Shoals:1 | Banished Roxanne
 48455 | Shoals:2 | Found a transporter.
 48457 | Shoals:2 | Found a transporter.
 48480 | Shoals:2 | Reached XP level 18. HP: 145/149 MP: 6/36
 48900 | Shoals:2 | Found a transporter.
 48905 | Shoals:2 | Found a transporter.
 49026 | Shoals:2 | Found a transporter.
 49030 | Shoals:2 | Found a transporter.
 49304 | Shoals:2 | Learned a level 4 spell: Brom's Barrelling Boulder
 49879 | Shoals:3 | Got Qeamal's Vellum of Necromancy and the Compass
 50214 | Shoals:4 | Entered Level 4 of the Shoals
 50229 | Shoals:4 | Paralysed by an air elemental for 1 turns
 50232 | Shoals:4 | Paralysed by an air elemental for 1 turns
 50790 | Shoals:4 | Learned a level 6 spell: Plasma Beam
 50946 | Shoals:4 | Paralysed by an air elemental for 1 turns
 51250 | Shoals:4 | Paralysed by an air elemental for 1 turns
 51255 | Shoals:4 | Paralysed by an air elemental for 1 turns
 51258 | Shoals:4 | Paralysed by an air elemental for 1 turns
 51263 | Shoals:4 | Paralysed by an air elemental for 1 turns
 51350 | Shoals:4 | Paralysed by an air elemental for 1 turns
 51408 | Shoals:4 | Identified the +0 robe of the Apothecary {rPois Will- rCorr
                  | Dex+3}
 51436 | Shoals:3 | HP: 1/151 [water nymph/the raging water (24)]
 52086 | Shoals:4 | Identified the amulet "Omiplitt" {Acrobat ^Fragile rF-
                  | Int+7 Dex+2}
 52088 | Shoals:4 | Identified the ring "Kitoafel" {Fly Will- rCorr EV+5}
 52096 | Shoals:4 | Identified the +5 shortbow of Departure {heavy, rPois rF+}
 52099 | Shoals:4 | Got a barnacled rune of Zot
 52271 | Shoals:4 | Paralysed by an air elemental for 1 turns
 52396 | Shoals:4 | Received a gift from Sif Muna
 52438 | Shoals:4 | Got Sif Muna's Lessons on the Dense Iceberg {god gift}
 52742 | D:5      | Bought a potion of curing for 36 gold pieces
 52742 | D:5      | Bought a potion of magic for 96 gold pieces
 52978 | Snake:1  | Bought a potion of curing for 51 gold pieces
 52978 | Snake:1  | Bought a potion of curing for 51 gold pieces
 53163 | Orc:2    | Bought 2 scrolls of teleportation for 84 gold pieces
 53517 | Depths:1 | Entered Level 1 of the Depths
 53851 | Depths:1 | Found a gateway to Hell.
 54157 | Depths:1 | Reached skill level 1 in Air Magic
 54244 | Depths:1 | Reached skill level 1 in Earth Magic
 54313 | Depths:1 | Found an iron altar of Okawaru.
 54803 | Depths:1 | Found Equibyuch's Jewellery Boutique.
 54804 | Depths:1 | Found Ojejiwk's Book Shoppe.
 54806 | Depths:1 | Found Nureraff's Jewellery Boutique.
 55651 | Vaults:1 | Entered Level 1 of the Vaults
 55660 | Vaults:1 | Reached skill level 10 in Conjurations
 55660 | Vaults:1 | Reached XP level 19. HP: 160/160 MP: 30/37
 56598 | Vaults:1 | Identified the +1 plate armour of the Hills {rN+}
 56938 | Vaults:1 | Found Viomnaki's General Store.
 56946 | Vaults:1 | Bought a scroll of fear for 76 gold pieces
 56946 | Vaults:1 | Bought a potion of heal wounds for 95 gold pieces
 57077 | Vaults:2 | Noticed Mara
 57092 | Vaults:2 | Killed Mara
 57132 | Vaults:2 | Found a glowing golden altar of the Shining One.
 57133 | Vaults:2 | Found a crumbling gateway.
 57133 | Vaults:2 | Found a white marble altar of Elyvilon.
 57173 | Vaults:2 | Gained mutation: Potions are less effective at restoring
                  | your health. [mutagenic glow]
 57281 | Vaults:2 | Found a glowing silver altar of Zin.
 57288 | Desolati | Entered the Desolation of Salt
 57312 | Desolati | Lost mutation: You possess an exceptional clarity of mind.
                  | [potion of mutation]
 57312 | Desolati | Lost mutation: You passively map a small area around you.
                  | [potion of mutation]
 57312 | Desolati | Lost mutation: Potions are less effective at restoring your
                  | health. [potion of mutation]
 57312 | Desolati | Gained mutation: Your health recovers twice as slowly from
                  | being drained. [potion of mutation]
 57312 | Desolati | Gained mutation: Your flesh is cold resistant. (rC+)
                  | [potion of mutation]
 57312 | Desolati | Gained mutation: Your system is resistant to poisons.
                  | (rPois) [potion of mutation]
 57312 | Desolati | Gained mutation: You expend magic power (3 MP) to
                  | strengthen your wands. [potion of mutation]
 57404 | Desolati | Received a gift from Sif Muna
 57405 | Desolati | Got Sif Muna's Secrets of Ice and Space {god gift}
 57733 | Desolati | Identified the ring "Zipreunowo" {Will+ Int+4 SInv}
 58215 | Desolati | Reached skill level 5 in Earth Magic
 58306 | Desolati | Identified the +6 trident of Diroboaq {flame, rPois rF++
                  | Int-3}
 58306 | Desolati | Identified the ring of Jealousy {Will+ Int+4}
 58410 | Desolati | Identified the amulet of Nuojad {Acrobat Harm Will+ Dex+3}
 58575 | Desolati | Identified the +0 leather armour "Earthly Heaven" {rCorr
                  | Str+3 Int+2}
 58600 | Desolati | Received a gift from Sif Muna
 58610 | Desolati | Got Sif Muna's Incunabulum of Power {god gift}
 58664 | Desolati | Found the ring of the Tortoise {AC+8}
 58818 | Desolati | Identified the +8 great sword of the Empty Page {drain,
                  | rCorr Int+3}
 58822 | Desolati | Identified the +2 robe "Xasiarr" {rN+ Str+2}
 58835 | Desolati | Identified the +6 orcbow "Cenlux" {antimagic, rF- Str+8
                  | Dex+3}
 58923 | Desolati | Identified the +5 rapier of Glory {flame, rF+ rCorr}
 58990 | Desolati | Got the Volume of the Potent Brume
 59044 | Desolati | Identified the +8 war axe "Rirebonu" {venom, rF+ rC++
                  | Will+}
 59062 | Desolati | Got the Incunable of Cooperative Inhalation
 60105 | Vaults:2 | Reached XP level 20. HP: 127/171 MP: 11/38
 60339 | Vaults:2 | Found the +5 glaive of the Guard {elec, spectral}
 60654 | Vaults:2 | Found Gawasm's Magic Scroll Shoppe.
 60847 | Vaults:2 | Reached skill level 5 in Air Magic
 60963 | Vaults:2 | Found a staircase to the Crypt.
 61594 | Vaults:3 | Received a gift from Sif Muna
 61738 | Vaults:3 | Found Noastriv's Antique Weapon Emporium.
 62901 | Vaults:4 | Found Ynech's Weapon Boutique.
 63031 | Vaults:4 | Found a magical portal.
 63059 | Vaults:4 | Reached skill level 5 in Axes
 63059 | Vaults:4 | Reached XP level 21. HP: 182/182 MP: 39/39
 63078 | WizLab   | Entered Yara's Duelist Academy
 63107 | WizLab   | Reached skill level 15 in Invocations
 63107 | WizLab   | Received a gift from Sif Muna
 63236 | WizLab   | Got Sif Muna's Incunable of Excruciating Flames {god gift}
 63256 | WizLab   | Noticed Iqurgh
 63264 | WizLab   | Killed Iqurgh the Head Instructor
 63970 | Vaults:4 | Reached skill level 15 in Fighting
 64573 | Vaults:4 | Reached XP level 22. HP: 193/193 MP: 34/40
 65381 | Vaults:5 | Entered Level 5 of the Vaults
 65649 | Vaults:5 | Received a gift from Sif Muna
 66392 | Vaults:4 | Gained mutation: You do not regenerate when monsters are
                  | visible. [mutagenic glow]
 66413 | Vaults:4 | Lost mutation: You expend magic power (3 MP) to strengthen
                  | your wands. [mutagenic glow]
 68301 | Vaults:5 | Noticed an ancient lich
 68323 | Vaults:5 | Killed an ancient lich
 68431 | Vaults:5 | Got Sif Muna's Vellum of Posthumous Vapour {god gift}
 68741 | Vaults:5 | Learned a level 6 spell: Permafrost Eruption
 69084 | Vaults:5 | Found the +1 robe of Vines {NoPotionHeal Regen++++}
 69094 | Vaults:5 | Identified the +1 robe of the Guilds {rElec}
 69158 | Vaults:5 | Reached XP level 23. HP: 136/181 MP: 10/41
 69161 | Vaults:5 | Identified the +0 robe of the Known World {rPois rF+ rC+
                  | Int+4}
 69198 | Vaults:5 | Identified the +1 battleaxe of Saat {vamp, Int+2 Dex+2}
 69700 | Vaults:5 | Found the +2 hood of the Assassin {Detect Stab+ Stlth++}
 69710 | Vaults:5 | Got a silver rune of Zot
 69711 | Vaults:5 | Identified the +2 chain mail of the Harp {*Corrode rC- SInv
                  | Stlth+}
 69718 | Vaults:5 | Got Xidom's Meditations on the Conjured Scorpion
 70029 | Vaults:5 | Identified the +7 orcbow of the Dungeon {elec, Dex+5}
 70960 | Snake:3  | Noticed Azrael
 70973 | Snake:3  | Killed Azrael
 71032 | Snake:3  | Noticed Nikola
 71041 | Snake:3  | Killed Nikola
 71042 | Snake:3  | Reached skill level 10 in Earth Magic
 71355 | Snake:3  | Noticed Agnes
 71360 | Snake:3  | Killed Agnes
 72852 | Snake:3  | Received a gift from Sif Muna
 72861 | Snake:3  | Got Uriahuge's Cyclopedia of Signs {god gift}
 72924 | Snake:3  | Found Gisesk's Antique Armour Emporium.
 72924 | Snake:3  | Found Zanlauq's Assorted Antiques.
 72928 | Snake:3  | Found Juen Keji's Magic Scroll Emporium.
 73295 | Snake:4  | Entered Level 4 of the Snake Pit
 73632 | Snake:4  | Reached skill level 10 in Axes
 74193 | Snake:4  | Got a serpentine rune of Zot
 74594 | Snake:4  | Received a gift from Sif Muna
 74599 | Snake:4  | Got Aryhis's Opusculum on Points and the Impact {god gift}
 74748 | Snake:4  | Noticed Saint Roka
 74938 | Snake:4  | Killed Saint Roka
 75112 | Snake:4  | Identified the +10 shortbow "Heaj Hob" {speed, rPois rN++
                  | Int+3}
 76113 | Depths:2 | Noticed Asterion
 76118 | Depths:2 | Killed Asterion
 76242 | Depths:2 | Found Tuixuuc's Assorted Antiques.
 76242 | Depths:2 | Found Zaghocs's Weapon Emporium.
 76243 | Depths:2 | Found Osiot's Distillery.
 76245 | Depths:2 | Found Qigaruuzuff's General Store.
 76616 | Depths:2 | Received a gift from Sif Muna
 76718 | Depths:2 | Got Sif Muna's Almanac of the Plateau {god gift}
 76773 | Depths:2 | Found a one-way gateway to a ziggurat.
 76930 | Depths:2 | Reached XP level 24. HP: 221/221 MP: 33/41
 76999 | Depths:2 | Noticed Vv
 77020 | Depths:2 | Killed Vv
 77021 | Depths:2 | Reached skill level 1 in Summonings
 77383 | Depths:2 | Found a one-way gate leading to the halls of Pandemonium.
 78085 | Depths:3 | Gained mutation: Your magical capacity is low. (-10% MP)
                  | [mutagenic glow]
 78096 | Depths:2 | Gained mutation: You are dopey. (Int -2) [mutagenic glow]
 78237 | Depths:3 | Gained mutation: Your magical capacity is very low. (-20%
                  | MP) [mutagenic glow]
 78295 | Depths:3 | Lost mutation: You are dopey. (Int -2) [potion of mutation]
 78295 | Depths:3 | Lost mutation: Your health recovers twice as slowly from
                  | being drained. [potion of mutation]
 78295 | Depths:3 | Lost mutation: Your system is resistant to poisons. (rPois)
                  | [potion of mutation]
 78295 | Depths:3 | Gained mutation: You expend magic power (3 MP) to
                  | strengthen your wands. [potion of mutation]
 78296 | Depths:3 | Lost mutation: You have a pair of small horns on your head.
                  | [potion of mutation]
 78296 | Depths:3 | Lost mutation: You do not regenerate when monsters are
                  | visible. [potion of mutation]
 78296 | Depths:3 | Lost mutation: You expend magic power (3 MP) to strengthen
                  | your wands. [potion of mutation]
 78296 | Depths:3 | Gained mutation: You sometimes lose your temper in combat.
                  | [potion of mutation]
 78296 | Depths:3 | Gained mutation: Armour fits poorly on your strangely
                  | shaped body. [potion of mutation]
 78297 | Depths:3 | Lost mutation: You sometimes lose your temper in combat.
                  | [potion of mutation]
 78297 | Depths:3 | Lost mutation: Your flesh is cold resistant. (rC+) [potion
                  | of mutation]
 78297 | Depths:3 | Lost mutation: Armour fits poorly on your strangely shaped
                  | body. [potion of mutation]
 78297 | Depths:3 | Gained mutation: You have hidden genetic potential. [potion
                  | of mutation]
 78297 | Depths:3 | Gained mutation: Your system is resistant to poisons.
                  | (rPois) [potion of mutation]
 78297 | Depths:3 | Gained mutation: Your skin changes colour to match your
                  | surroundings (Stealth+). [potion of mutation]
 78298 | Depths:3 | Lost mutation: Your magical capacity is very low. (-20% MP)
                  | [potion of mutation]
 78298 | Depths:3 | Lost mutation: Your magical capacity is low. (-10% MP)
                  | [potion of mutation]
 78298 | Depths:3 | Gained mutation: You are dopey. (Int -2) [potion of
                  | mutation]
 78298 | Depths:3 | Gained mutation: You are agile. (Dex +4, Str/Int -1)
                  | [potion of mutation]
 78369 | Depths:3 | Found Kiavosm's Vocational Training.
 78504 | Depths:3 | Noticed a juggernaut
 78514 | Depths:3 | Killed a juggernaut
 78533 | Depths:3 | Gained mutation: You are very dopey. (Int -4) [mutagenic
                  | glow]
 79257 | Snake:3  | Bought the -2 hat of the Alchemist {rElec rPois rF+ rC+ rN+
                  | Will+ rMut rCorr} for 2124 gold pieces
 79257 | Snake:3  | Found the -2 hat of the Alchemist {rElec rPois rF+ rC+ rN+
                  | Will+ rMut rCorr}
 79485 | D:9      | Learned a level 7 spell: Spellforged Servitor
 80036 | Depths:3 | Found a one-way gate to the infinite horrors of the Abyss.
 80273 | Depths:4 | Entered Level 4 of the Depths
 80284 | Depths:4 | Reached skill level 1 in Necromancy
 81928 | Depths:4 | Received a gift from Sif Muna
 81933 | Depths:4 | Got Sif Muna's Incunable of Consolidated Glaciation {god
                  | gift}
 81939 | Depths:4 | Noticed Jory
 81943 | Depths:4 | Killed Jory
 83021 | Depths:4 | Got the Discourse on Illusory Concoctions
 83059 | Depths:4 | Found a gate to the Realm of Zot.
 83655 | Elf:1    | Entered Level 1 of the Elven Halls
 83700 | Elf:1    | Noticed Zenata
 83715 | Elf:1    | Killed Zenata
 84327 | Elf:1    | Identified the +1 helmet "Surot" {rElec rC- Dex+6}
 84536 | Elf:1    | Reached skill level 15 in Spellcasting
 84908 | Elf:1    | Reached XP level 25. HP: 231/231 MP: 27/42
 84927 | Elf:1    | Reached skill level 10 in Ice Magic
 85970 | Elf:2    | Found a runed translucent door.
 85999 | Elf:2    | Found a runed translucent door.
 86037 | Elf:2    | Reached skill level 5 in Summonings
 86043 | Elf:2    | Reached skill level 15 in Armour
 86433 | Elf:2    | Received a gift from Sif Muna
 87058 | Abyss:3  | Cast into level 3 of the Abyss (+0 dire flail of
                  | distortion)
 87264 | Abyss:3  | Noticed an ancient lich
 87274 | Abyss:3  | Killed an ancient lich
 87365 | Abyss:3  | Gained mutation: You have sharp toenails. [hidden
                  | potential]
 87484 | Elf:2    | Escaped the Abyss
 88184 | Slime:1  | Entered Level 1 of the Pits of Slime
 88218 | Slime:1  | Reached skill level 10 in Alchemy
 88684 | Slime:1  | Received a gift from Sif Muna
 89059 | Slime:2  | Reached skill level 21 in Fire Magic
 89713 | Crypt:1  | Entered Level 1 of the Crypt
 89896 | Crypt:1  | Noticed Grunn
 89908 | Crypt:1  | Killed Grunn
 90026 | Crypt:1  | Noticed a dread lich
 90037 | Crypt:1  | Killed a dread lich
 91618 | D:9      | Learned a level 3 spell: Ozocubu's Armour
 93067 | Vaults:1 | Bought a scroll of fog for 76 gold pieces
 93222 | Depths:2 | Bought a potion of heal wounds for 60 gold pieces
 93530 | Crypt:1  | Identified the amulet "Qolorir" {Spirit rF+ Dex-5 Slay+2}
 93624 | Crypt:1  | Reached skill level 1 in Shields
 94298 | Crypt:1  | Noticed Bai Suzhen
 94313 | Crypt:1  | Killed Bai Suzhen
 94992 | Crypt:2  | Reached skill level 5 in Shields
 95515 | Crypt:1  | Gained mutation: Your magical capacity is low. (-10% MP)
                  | [mutagenic glow]
 96099 | Crypt:2  | Noticed Margery
 96113 | Crypt:2  | Killed Margery
 97160 | Crypt:3  | Entered Level 3 of the Crypt
 98325 | Crypt:3  | Reached skill level 10 in Summonings
 99368 | Crypt:3  | Reached XP level 26. HP: 239/239 MP: 20/37
 99928 | Crypt:3  | Noticed a royal mummy
 99952 | Crypt:3  | Killed a royal mummy
100364 | Crypt:3  | Identified the ring of Xaif {Fire *Corrode rElec rN++
                  | Int+3}
100766 | Crypt:3  | Identified the ring "Kunir" {rN++ Str+6}
100766 | Crypt:3  | Identified the ring "Ywouck" {rN++ rCorr Int+3 Dex-2
                  | Stlth+}
101139 | Crypt:3  | Found a staircase to the Tomb.
101281 | Crypt:3  | Identified the -1 pair of boots of the Skies Above {-Cast
                  | Dex+6 SInv}
101499 | Crypt:3  | Identified the staff "Hirit" {*Slow Str+4 Conj}
101744 | D:14     | Lost mutation: You have sharp toenails. [potion of
                  | mutation]
101744 | D:14     | Lost mutation: You are agile. (Dex +4, Str/Int -1) [potion
                  | of mutation]
101744 | D:14     | Lost mutation: Your magical capacity is low. (-10% MP)
                  | [potion of mutation]
103318 | Elf:3    | Entered Level 3 of the Elven Halls
103487 | Elf:3    | Found a large runed translucent door.
103488 | Elf:3    | Found a large runed translucent door.
103488 | Elf:3    | Noticed Mrcake's ghost (adept MiGl)
103540 | Elf:3    | Killed Mrcake's ghost
103918 | Elf:3    | Identified the +0 robe "Cyodgh" {Int+3}
104594 | Depths:3 | Bought a manual of Invocations for 1280 gold pieces
105805 | Elf:3    | Identified the +3 lajatang of the Growing Sybil {antimagic,
                  | rC+ Str+4 Int+3}
105879 | Elf:3    | Identified the +3 spear "Ysit" {venom, rElec rCorr Str-5
                  | Dex+2}
105902 | Elf:3    | Identified the +5 battleaxe "Nukh" {spect, rElec rN+ rCorr
                  | Stlth-}
105910 | Elf:3    | Reached skill level 10 in Dodging
106103 | Elf:3    | Identified the +5 chain mail "Umionleb" {-Tele Fly MP+9
                  | SInv}
106103 | Elf:3    | Identified the +6 halberd "Conservator" {venom, *Slow Will+
                  | rCorr}
106114 | Elf:3    | Identified the +12 broad axe "Kidunaos" {freeze, ^Drain
                  | +Blink rN+ Int+7}
106465 | Elf:3    | Identified a scroll of acquirement
106469 | Elf:3    | Found the +3 greatsling "Punk" {acid, rCorr}
106609 | Elf:3    | Acquired 794 gold pieces
106914 | Depths:3 | Bought a manual of Evocations for 1280 gold pieces
107371 | Slime:2  | Reached skill level 1 in Evocations
108135 | Slime:3  | Received a gift from Sif Muna
109591 | Slime:5  | Entered Level 5 of the Pits of Slime
110041 | Slime:5  | Reached skill level 10 in Shields
110053 | Slime:5  | Reached skill level 5 in Evocations
110592 | Slime:5  | Noticed the Royal Jelly
110603 | Slime:5  | Killed the Royal Jelly
110604 | Slime:5  | Reached skill level 5 in Stealth
110604 | Slime:5  | Reached XP level 27. HP: 246/246 MP: 26/42
110838 | Slime:5  | Got a slimy rune of Zot
110839 | Slime:5  | Identified the +0 chain mail of Uskayaw's Displeasure
                  | {Rampage}
110873 | Slime:5  | Identified the +1 battleaxe of Exquisite Torment {freeze,
                  | Dex+4}
110874 | Slime:5  | Identified the +1 dagger of Xuitad {chaos, Will+ Int+5}
110882 | Slime:5  | Identified the +3 war axe of Plunder {flame, rF+ Str+2
                  | Int+3 Stlth+}
110964 | Slime:5  | Identified the staff "Dutotuad" {^Fragile +Blink rC+ rCorr
                  | Dex+2 Conj}
111619 | Zot:1    | Entered Level 1 of the Realm of Zot
111648 | Depths:4 | Reached skill level 1 in Shapeshifting
111654 | Depths:4 | Received a gift from Sif Muna
111783 | Depths:3 | Voluntarily entered the Abyss.
111783 | Abyss:3  | Found a corrupted altar of Lugonu.
111809 | Abyss:3  | Found a corrupted altar of Lugonu.
111835 | Abyss:3  | Found a corrupted altar of Lugonu.
111932 | Abyss:3  | Got an abyssal rune of Zot
111974 | Depths:3 | Escaped the Abyss
112248 | D:12     | You showed the abyssal rune of Zot to enter a treasure
                  | trove
112249 | Trove    | Entered a treasure trove
112266 | Trove    | Found the +8 storm bow {elec, penet}
112283 | Trove    | Found the amulet of Vitality {Regen++ RegenMP++}
112335 | Trove    | Identified the +2 war axe "Xofairadu" {pain, rPois Will+
                  | Int-2 Dex+3}
112824 | Hell     | Entered the Vestibule of Hell
112824 | Hell     | Noticed Geryon
112831 | Hell     | Reached skill level 5 in Shapeshifting
112836 | Hell     | Killed Geryon
112838 | Hell     | Noticed Murray
113030 | Zot:1    | Gained mutation: Armour fits poorly on your strangely
                  | shaped body. [mutagenic glow]
113219 | Zot:1    | Found an opulent altar of Gozag.
113231 | Zot:1    | Noticed an orb of fire
113232 | Zot:1    | Found an opulent altar of Gozag.
113240 | Zot:1    | Gained mutation: You sometimes lose your temper in combat.
                  | [an orb of fire]
113251 | Zot:1    | Killed an orb of fire
113321 | Zot:1    | Found an opulent altar of Gozag.
113407 | Zot:1    | Noticed an orb of fire
113410 | Zot:1    | Gained mutation: Your body sometimes deteriorates upon
                  | taking damage. [an orb of fire]
113421 | Zot:1    | Killed an orb of fire
114847 | Zot:3    | Received a gift from Sif Muna
114965 | Zot:3    | Identified the +0 leather armour of the Komodo Dragon {rF+
                  | Int+4 Dex+2}
115000 | Zot:3    | Found a transporter.
115147 | Zot:3    | Found a transporter.
116369 | Zot:4    | Reached skill level 15 in Shields
116831 | Zot:5    | Entered Level 5 of the Realm of Zot
116920 | Zot:5    | Identified the +0 ring mail of the Accordion {Dex+4}
117110 | Zot:5    | Reached skill level 15 in Axes
117210 | Zot:5    | Noticed a dread lich
117261 | Zot:5    | Lost mutation: You are very dopey. (Int -4) [mutagenic
                  | glow]
117263 | Zot:5    | Noticed an orb of fire
117266 | Zot:5    | Noticed an orb of fire
117267 | Zot:5    | Noticed an orb of fire
117271 | Zot:5    | Gained mutation: You are vulnerable to cold. (rC-)
                  | [mutagenic glow]
117290 | Zot:5    | Gained mutation: Your magical capacity is low. (-10% MP)
                  | [an orb of fire]
117291 | Zot:5    | Killed an orb of fire
117298 | Zot:5    | Killed an orb of fire
117555 | Zot:5    | Gained mutation: You are frail. (-10% HP) [an orb of fire]
117568 | Zot:4    | Gained mutation: You occasionally shout uncontrollably at
                  | your foes. [an orb of fire]
117582 | Zot:4    | Gained mutation: Your spells are a little harder to cast,
                  | but a little more powerful. [an orb of fire]
117583 | Zot:4    | Gained mutation: You are very vulnerable to cold. (rC--)
                  | [an orb of fire]
117584 | Zot:4    | Killed an orb of fire
117602 | Zot:5    | Noticed an orb of fire
117609 | Zot:4    | Killed a dread lich
117609 | Zot:4    | Gained mutation: You frequently scream uncontrollably at
                  | your foes. [mutagenic glow]
117658 | Zot:5    | Gained mutation: You are vulnerable to heat. (rF-) [an orb
                  | of fire]
117679 | Zot:4    | Killed an orb of fire
117832 | Zot:5    | Gained mutation: Your body often deteriorates upon taking
                  | damage. [mutagenic glow]
117852 | Zot:4    | Lost mutation: You have hidden genetic potential.
                  | [mutagenic glow]
118106 | Zot:5    | Reached skill level 10 in Shapeshifting
118165 | Zot:5    | Gained mutation: You have an uncontrollable temper.
                  | [mutagenic glow]
118848 | Depths:1 | Killed Murray
118854 | Depths:1 | Gained mutation: You are weak. (Str -2) [mutagenic glow]
119103 | Hell     | Found a gateway to the freezing wastes of Cocytus.
119247 | Hell     | Found a gateway to the decaying netherworld of Tartarus.
119285 | Hell     | Found a gateway to the ashen valley of Gehenna.
119337 | Hell     | Found a gateway to the Iron City of Dis.
119872 | Pan      | Entered Pandemonium
120467 | Pan      | Noticed Usty the pandemonium lord
120517 | Pan      | Killed Usty the pandemonium lord
120518 | Pan      | Reached skill level 1 in Throwing
121130 | Pan      | Noticed Ublachi the pandemonium lord
121137 | Pan      | Killed Ublachi the pandemonium lord
121174 | Pan      | Identified the +8 glaive "Gickezou" {venom, rElec Str+3}
121763 | Pan      | Reached skill level 5 in Throwing
121904 | Pan      | Got a demonic rune of Zot
121908 | Pan      | Identified the +1 shortbow of Uskayaw {elec, rElec rCorr
                  | Str-5 SInv}
121909 | Pan      | Identified the ring of the Original Sin {Fly Str+4 Int+3
                  | Dex-3}
122319 | Pan      | Reached ****** piety under Sif Muna
122626 | Pan      | Reached skill level 15 in Shapeshifting
122661 | Pan      | Found an exit through the horrors of the Abyss.
122679 | Pan      | Noticed Affyoky the pandemonium lord
122703 | Pan      | Killed Affyoky the pandemonium lord
122734 | Pan      | Identified the staff of Imohev {rElec rPois Ice Air}
123672 | Pan      | Learned a level 4 spell: Manifold Assault
123678 | Pan      | Learned a level 5 spell: Yara's Violent Unravelling
123851 | Pan      | Reached skill level 1 in Hexes
124228 | Pan      | Identified the ring "Fothiat" {Wiz Fly rPois}
125154 | Pan      | Found a huge runed translucent gate.
125155 | Pan      | Found a huge runed translucent gate.
125157 | Pan      | Found a huge runed translucent gate.
125169 | Pan      | Reached skill level 5 in Hexes
125174 | Pan      | Found a huge runed translucent gate.
125174 | Pan      | Found a huge runed translucent gate.
125174 | Pan      | Found a huge runed translucent gate.
125176 | Pan      | Found a huge runed translucent gate.
125494 | Pan      | Reached skill level 22 in Fire Magic
125494 | Pan      | Noticed Caull the pandemonium lord
125529 | Pan      | Killed Caull the pandemonium lord
125694 | Pan      | Entered the realm of Lom Lobon.
126274 | Pan      | Upgraded the game from 0.32-a0-815-g315f82d515 to
                  | 0.32-a0-818-gb728d0252e
126813 | Pan      | Learned a level 4 spell: Passage of Golubria
127651 | Pan      | Reached skill level 15 in Conjurations
127843 | Pan      | Noticed Lom Lobon
127850 | Pan      | Killed Lom Lobon
127912 | Pan      | Got a magical rune of Zot
128398 | Depths:2 | Escaped Pandemonium
128745 | Crypt:3  | Lost mutation: Your body often deteriorates upon taking
                  | damage. [potion of mutation]
128745 | Crypt:3  | Lost mutation: Your body sometimes deteriorates upon taking
                  | damage. [potion of mutation]
128745 | Crypt:3  | Lost mutation: Your spells are a little harder to cast, but
                  | a little more powerful. [potion of mutation]
128774 | Tomb:1   | Entered Level 1 of the Tomb of the Ancients
129274 | Tomb:1   | Paralysed by a Zot trap for 2 turns
129458 | Tomb:1   | Noticed a royal mummy
129465 | Tomb:1   | Killed a royal mummy
129967 | Tomb:1   | Noticed a royal mummy
129972 | Tomb:1   | Noticed a royal mummy
129973 | Tomb:1   | Noticed a royal mummy
129976 | Tomb:1   | Noticed a royal mummy
129977 | Tomb:1   | Killed a royal mummy
129977 | Tomb:1   | Killed a royal mummy
129978 | Tomb:1   | Killed a royal mummy
129978 | Tomb:1   | Noticed a royal mummy
129980 | Tomb:1   | Noticed a royal mummy
129998 | Crypt:3  | Killed a royal mummy
130035 | Crypt:3  | Acquired the +1 pair of gloves "Legrakiv" {Will+ Str+2
                  | Int+3}
130661 | Tomb:1   | Killed a royal mummy
130661 | Tomb:1   | Noticed a royal mummy
130662 | Tomb:1   | Killed a royal mummy
130664 | Tomb:1   | Noticed a royal mummy
130667 | Tomb:1   | Killed a royal mummy
130667 | Tomb:1   | Noticed a royal mummy
130713 | Tomb:1   | Killed a royal mummy
130713 | Tomb:1   | Killed a royal mummy
130720 | Tomb:1   | Noticed a royal mummy
130723 | Tomb:1   | Killed a royal mummy
130725 | Tomb:1   | Noticed a royal mummy
130743 | Tomb:1   | Killed a royal mummy
130744 | Tomb:1   | Noticed a royal mummy
130793 | Tomb:1   | Killed a royal mummy
130797 | Tomb:1   | Gained mutation: Your magical capacity is very low. (-20%
                  | MP) [mutagenic glow]
130826 | Tomb:1   | Noticed a royal mummy
130835 | Tomb:1   | Killed a royal mummy
130847 | Tomb:1   | Noticed a royal mummy
130853 | Tomb:1   | Gained mutation: Potions are less effective at restoring
                  | your health. [mutagenic glow]
130854 | Tomb:1   | Killed a royal mummy
130914 | Tomb:1   | Noticed a royal mummy
130925 | Tomb:1   | Killed a royal mummy
131013 | Tomb:1   | Noticed a royal mummy
131022 | Tomb:1   | Killed a royal mummy
131062 | Tomb:1   | Noticed a royal mummy
131068 | Tomb:1   | Killed a royal mummy
131164 | Tomb:1   | Noticed a royal mummy
131169 | Tomb:1   | Killed a royal mummy
132036 | Snake:3  | Bought 2 potions of cancellation for 368 gold pieces
132036 | Snake:3  | Bought a scroll of fog for 92 gold pieces
132117 | Snake:1  | Bought a potion of brilliance for 68 gold pieces
132341 | D:5      | Bought a potion of cancellation for 96 gold pieces
132665 | Zig:1    | Entered Level 1 of a ziggurat
132712 | Zig:2    | Entered Level 2 of a ziggurat
132713 | Zig:2    | Noticed Tyistrar the pandemonium lord
132717 | Zig:2    | Killed Tyistrar the pandemonium lord
132727 | Zig:2    | Identified the +1 ring mail "Bopp" {Str+4}
132730 | Zig:3    | Entered Level 3 of a ziggurat
132743 | Zig:3    | Identified the +8 glaive of Rotation {elec, rPois Will+}
132747 | Zig:3    | Identified the +2 short sword "Wounah" {flame, rF++ rN+
                  | Int-4 Stlth+}
132756 | Zig:4    | Entered Level 4 of a ziggurat
132802 | Zig:5    | Entered Level 5 of a ziggurat
132860 | Zig:6    | Entered Level 6 of a ziggurat
132916 | Zig:6    | Identified the +0 plate armour "Bumpusma" {+Blink rElec}
132932 | Zig:7    | Entered Level 7 of a ziggurat
132998 | Zig:8    | Entered Level 8 of a ziggurat
133005 | Zig:8    | Noticed an orb of fire
133006 | Zig:8    | Noticed an orb of fire
133012 | Zig:8    | HP: 3/221 [orb of fire/fireball (27)]
133012 | Zig:8    | Killed from afar by a salamander tyrant

Illustrated notes

Levels and vault maps discovered:
D:1:      psy_arrival_fountain, layout_rooms,
          hellmonk_ecumenical_altar_defaced_shrine, minmay_misc_feat_ornament,
          minmay_pentomino_v2
D:2:      layout_loops_cross
D:3:      layout_loops_ring, mainiacjoe_overflow_paths
D:4:      layout_basic, nicolae_ossuary_entry_false_entrances
D:5:      layout_loops_ring, yredelemnul_altar_generic, serial_shops,
          kennysheep_mini, uniq_menkaure
D:6:      layout_rooms, minmay_temple_entry_enclosed_plants,
          guppyfry_shop_venom, uniq_blork_the_orc
D:7:      layout_loops_ring, hex_medium
D:8:      cheibrodos_two_vegetables, layout_loops_ring, serial_shops,
          nicolae_shop_pleasant_corner_grove, chequers_serial_rivers_micro_c,
          uniq_jeremiah
D:9:      layout_cave_pools, good_gods_mini_temple, grunt_temple_overflow_open,
          ashenzari_altar_1, erik_lair_dragon, hiddenorc1_lemuel
D:10:     layout_loops_ring, serial_shops, shop, gammafunk_ghost_necromancy
D:11:     layout_small_grid
D:12:     layout_irregular_city, enter_trove_2, nicolae_shop_gadgets
D:13:     layout_roguey, nicolae_diode_basic
D:14:     layout_long_grid, ximxim_vaults_locker_room, minmay_misc_feat_roman,
          uniq_snorg, uniq_louise
D:15:     grunt_enter_depths_snipers, layout_basic
Temple:   nicolae_temple_god_jail
Lair:1:   layout_hall_layers, fungi_pond_lemuel, grunt_forest_large_clearings,
          uniq_urug
Lair:2:   layout_small_grid, shoals_dummy_entry, nicolae_snake_entry_squirm,
          nzn_random_ring, lemuel_fruit_fields
Lair:3:   layout_regular_city, tgw_fedhas
Lair:4:   layout_regular_city, nicolae_slime_entry_field_trip
Lair:5:   minmay_lair_end_frog_pond, layout_cave_pods, minmay_shattered_shrine,
          infiniplex_staircase_pool_2
Shoals:1: cheibrodos_shoals_satyrical_garden, layout_shoals, uniq_roxanne
Shoals:2: layout_shoals, serial_nicolae_subway, nicolae_sub_station_metal,
          nicolae_sub_station_stone, nicolae_sub_station_crystal
Shoals:3: layout_shoals
Shoals:4: shoals_end_hellmonk_storm_palace [storm_palace_center_ruins,
          storm_palace_corner_narrow, storm_palace_corner_pillars,
          storm_palace_corner_pillars, storm_palace_corner_narrow]
Snake:1:  layout_misc_corridors, serial_shops, nicolae_shop_rolling_square,
          nicolae_snake_snake_lake, drop_trap
Snake:2:  onia_ninara_swampy_vault, layout_cave_shapes, basic_altar,
          serial_bayou_lagoon_a, hangedman_snake_sidewinding, uniq_vashnia,
          uniq_aizul, uniq_jorgrun
Snake:3:  nicolae_aizul_guard, layout_chambers, grunt_megastairs_4,
          minmay_shop_star, uniq_azrael, uniq_agnes, uniq_nikola
Snake:4:  grunt_snake_rune_spirals, layout_onion_interference, uniq_saint_roka
Slime:1:  layout_caves
Slime:2:  layout_caves
Slime:3:  layout_caves
Slime:4:  nicolae_slime_spelunking
Slime:5:  slime_pit
Orc:1:    nicolae_orc_accident_3, layout_caves, nicolae_orc_quarried_blocks
Orc:2:    grunt_orc_gardens, layout_caves, grunt_orc_garden, grunt_orc_garden,
          grunt_orc_garden, grunt_orc_garden, gauntlet_entry_generic,
          lightli_church_of_beogh, uniq_donald, uniq_erolcha
Elf:1:    layout_geoelf_grid, minmay_elf_necromancy, uniq_zenata
Elf:2:    elven_hall_of_blades_hangedman_original
          [nicolae_blade_entry_splitting_headache], layout_geoelf_octagon
Elf:3:    minmay_elf_hall_circle, layout_loops_corners,
          ebering_ghost_disaster_area
Vaults:1: serial_library_hellmonk_reading_circle, vaults_room_ringed_pool,
          nicolae_vaults_house_1, nicolae_vaults_meiosis,
          ontoclasm_vaults_hangar, hangedman_vaults_hat,
          hangedman_vaults_restitches, nicolae_vaults_tetromino_T_1,
          nicolae_vaults_hexular_roomagon, layout_vaults_ring, serial_shops,
          shop
Vaults:2: portal_desolation_entry_holy_temple,
          minmay_guarded_unrand_guard_vaults, v_misc_10,
          hangedman_vaults_variations, nicolae_vaults_diamond_2,
          nicolae_vaults_trapezoid_lopsided_1, layout_vaults_chaotic_city,
          serial_shops, shop, uniq_mara
Vaults:3: ontoclasm_vaults_chip, nicolae_vaults_mini_display_case,
          ontoclasm_vaults_eye, nicolae_vaults_trapezoid_2,
          layout_vaults_omnigrid, serial_shops, shop
Vaults:4: infiniplex_enter_wizlab_water, nicolae_vaults_twisting_passages,
          nicolae_vaults_network_periphery, nicolae_vaults_little_squares_1,
          v_alt_pattern_2, nicolae_vaults_taking_the_gang_shopping, v_misc_30,
          hangedman_vaults_restitches, nicolae_vaults_shipping_containers_7,
          layout_vaults_omnicross
Vaults:5
Crypt:1:  layout_gridlike, st_shrine_of_skulls, uniq_bai_suzhen, uniq_grunn
Crypt:2:  layout_regular_city, nicolae_crypt_lichyard, uniq_margery
Crypt:3:  due_elkab, layout_chaotic_city, tomb_entry_simple_bobbens
Tomb:1
Depths:1: layout_roguey, grunt_hell_entry_dis_grunt,
          hellmonk_okawaru_the_only_friend_you_need, minmay_shop_grove
Depths:2: hangedman_arrow_trap, layout_gridlike, enter_ziggurat_d,
          grunt_decor_fettered, pan_entry, grunt_hell_horde,
          minmay_misc_feat_pillars, minmay_shoptagon, uniq_asterion, uniq_vv
Depths:3: minmay_outward_triangles, layout_cave_pools,
          chequers_serial_rivers_room_a, pf_vacation_house_of_asmodeus,
          nicolae_abyss_entry_one_way_or_another, nicolae_shop_vocational,
          serial_bayou_shore_b
Depths:4: lemuel_castle_with_subvaults [lemuel_castle_interior_carwin_2],
          layout_twisted_cross, fountainhead, hangedman_coc_ice_floe, uniq_jory
Hell
Zot:1:    layout_onion_interference, regret_index_zotdec_silver_v_v_loose,
          regret_index_zotdec_twisting_globes
Zot:2:    layout_gridlike
Zot:3:    layout_gridville, regret_index_zotdec_decaying_vile,
          nicolae_diode_stairs
Zot:4:    layout_gridlike, regret_index_zotdec_abyssal_contain_seething_sorcery,
          st_small_dragon_hoard_2, st_stairs_5
Zot:5:    layout_cathedral_of_symmetry
Zig:8:    ziggurat_pillar_abc, ziggurat_pillar_abc, ziggurat_pillar_abc,
          ziggurat_pillar_abc

Skill      XL: |  1  2  3  4  5  6  7  8  9 10 11 12 13 14 15 16 17 18 19 20 21 22 23 24 25 26 27 |
---------------+----------------------------------------------------------------------------------+-----
Conjurations   | 1 2 3 4 5 6 8 10 11 12 13 14 15 | 15.1
Spellcasting   | 2 3 4 5 6 7 9 11 12 14 15 | 15.8
Fighting       | 1 2 3 4 5 6 7 10 12 13 14 15 16 19 20 | 20.0
Armour         | 1 2 3 4 5 6 8 11 12 14 15 | 15.6
Fire Magic     | 4 5 6 7 8 9 12 13 16 20 21 22 | 22.6
Translocations | 1 2 5 |  5.0
Ice Magic      | 1 3 5 9 10 | 10.0
Dodging        | 2 4 5 6 8 9 10 13 | 13.4
Alchemy        | 1 4 7 8 9 10 | 10.0
Invocations    | 1 6 10 11 13 14 15 16 18 | 18.0
Air Magic      | 2 4 5 |  5.0
Earth Magic    | 2 6 8 9 12 | 12.0
Axes           | 5 8 10 12 16 | 16.0
Summonings     | 4 10 13 | 13.9
Necromancy     | 3 |  3.5
Shields        | 7 10 15 | 15.0
Stealth        | 5 |  5.0
Evocations     | 5 |  5.0
Shapeshifting  | 19 | 19.1
Throwing       | 5 |  5.0
Hexes          | 5 |  5.0

Action                     |  1- 3 |  4- 6 |  7- 9 | 10-12 | 13-15 | 16-18 | 19-21 | 22-24 | 25-27 || total
---------------------------+-------+-------+-------+-------+-------+-------+-------+-------+-------++-------
  Melee: Unarmed           |     2 |       |       |       |       |       |       |       |       ||     2
         Short sword       |     5 |    14 |       |       |       |       |       |       |       ||    19
         Long sword        |       |     4 |    47 |    48 |   145 |   119 |       |       |       ||   363
         Headbutt          |       |       |       |       |       |    12 |    17 |    33 |       ||    62
         Staff             |       |       |       |       |       |       |    29 |    15 |    10 ||    54
         War axe           |       |       |       |       |       |       |    15 |   286 |  1360 ||  1661
  Throw: Dart              |       |       |       |     4 |       |       |       |       |     1 ||     5
         Javelin           |       |       |       |     6 |     2 |    16 |       |       |     6 ||    30
   Cast: Foxfire           |    69 |    38 |    18 |    70 |     8 |       |       |       |       ||   203
         Scorch            |     3 |    23 |    18 |    35 |    56 |    12 |       |       |       ||   147
         Searing Ray       |       |     4 |    48 |    57 |    23 |       |       |       |       ||   132
         Volatile Blastmot |       |       |     4 |    12 |     2 |       |       |       |       ||    18
         Flame Wave        |       |       |    15 |    92 |   104 |     6 |       |       |       ||   217
         Hailstorm         |       |       |     3 |     8 |    12 |    34 |     2 |     3 |       ||    62
         Frozen Ramparts   |       |       |       |    15 |    27 |    20 |     8 |    13 |    24 ||   107
         Blink             |       |       |       |     1 |     4 |     4 |     1 |     4 |     7 ||    21
         Olgreb's Toxic Ra |       |       |       |     1 |    93 |   124 |    13 |     6 |    11 ||   248
         Ignite Poison     |       |       |       |     1 |    77 |   121 |    11 |     3 |     7 ||   220
         Irradiate         |       |       |       |       |    13 |    68 |    38 |    68 |   213 ||   400
         Starburst         |       |       |       |       |     8 |   184 |    13 |     6 |       ||   211
         Ignition          |       |       |       |       |       |   160 |    86 |   220 |   467 ||   933
         Plasma Beam       |       |       |       |       |       |    40 |   283 |   287 |   770 ||  1380
         Brom's Barrelling |       |       |       |       |       |     2 |     4 |     3 |     2 ||    11
         Permafrost Erupti |       |       |       |       |       |       |       |    98 |   320 ||   418
         Shatter           |       |       |       |       |       |       |       |     1 |     3 ||     4
         Ozocubu's Armour  |       |       |       |       |       |       |       |       |    24 ||    24
         Fire Storm        |       |       |       |       |       |       |       |       |     1 ||     1
         Spellforged Servi |       |       |       |       |       |       |       |       |   116 ||   116
         Manifold Assault  |       |       |       |       |       |       |       |       |    18 ||    18
         Passage of Golubr |       |       |       |       |       |       |       |       |     4 ||     4
         Maxwell's Capacit |       |       |       |       |       |       |       |       |     2 ||     2
         Polar Vortex      |       |       |       |       |       |       |       |       |     1 ||     1
 Invoke: Channel Magic     |       |       |       |     3 |     9 |     5 |     6 |    11 |    82 ||   116
         Forget Spell      |       |       |       |       |     1 |     2 |       |     1 |     1 ||     5
         Divine Exegesis   |       |       |       |       |       |       |       |     1 |     7 ||     8
  Evoke: Wand              |       |     2 |       |     8 |     3 |     2 |     8 |     1 |     9 ||    33
         Box of beasts     |       |       |       |       |       |       |       |       |     2 ||     2
    Use: Scroll            |     7 |     2 |     3 |    12 |    10 |     9 |     3 |     5 |    31 ||    82
         Potion            |       |       |     1 |     3 |     7 |    18 |     3 |    13 |    30 ||    75
   Stab: Sleeping          |     1 |       |       |       |       |       |       |       |       ||     1
         Invisible         |       |       |       |       |     2 |       |       |     7 |    32 ||    41
         Distracted        |       |       |       |       |       |       |       |     1 |     9 ||    10
 Armour: Robe              |    27 |    52 |   121 |    92 |       |       |       |       |  1467 ||  1759
         Chain mail        |       |       |       |   337 |   651 |   564 |   199 |   907 |   391 ||  3049
  Dodge: Dodged            |    26 |    55 |    65 |   148 |   209 |   302 |   109 |   426 |  1444 ||  2784
  Block: Buckler           |       |       |       |       |       |       |       |       |    86 ||    86
         Reflection        |       |       |       |       |       |       |       |       |     6 ||     6
         Kite shield       |       |       |       |       |       |       |       |       |  1111 ||  1111
         Form:             |       |       |       |       |       |     1 |       |       |       ||     1
         Serpent           |       |       |       |       |       |     1 |       |       |       ||     1

Table legend: (Time is in decaauts)
 A = Elapsed time spent in this place.
 B = Non-inter-level travel time spent in this place.
 C = Inter-level travel time spent in this place.
 D = Time resting spent in this place.
 E = Time spent auto-exploring this place.
 F = Levels seen in this place.
 G = Mean time per level.
                   A        B        C        D        E       F      G
               +--------+--------+--------+--------+--------+-----+--------+
         Total | 134049 | 115447 |  18602 |  48214 |  32082 |  78 | 1718.6 |
       Dungeon |  31231 |  22048 |   9183 |   9220 |   7639 |  15 | 2082.1 |
        Temple |     49 |     34 |     15 |      0 |      0 |   1 |   49.0 |
          Lair |  14330 |  12776 |   1554 |   6589 |   3550 |   5 | 2866.0 |
        Shoals |   6178 |   5771 |    407 |   2311 |   1320 |   4 | 1544.5 |
     Snake Pit |  11386 |  10500 |    886 |   5326 |   2674 |   4 | 2846.5 |
    Slime Pits |   4749 |   4458 |    291 |   2165 |   1338 |   5 |  949.8 |
  Orcish Mines |   3789 |   3033 |    756 |   1026 |    889 |   2 | 1894.5 |
   Elven Halls |   7825 |   7473 |    352 |   3913 |   1811 |   3 | 2608.3 |
        Vaults |  12447 |  10501 |   1946 |   4418 |   3643 |   5 | 2489.4 |
         Crypt |   9496 |   8843 |    653 |   5059 |   1856 |   3 | 3165.3 |
          Tomb |   1786 |   1517 |    269 |    362 |     89 |   1 | 1786.0 |
        Depths |  10511 |   8705 |   1806 |   4150 |   2387 |   4 | 2627.8 |
          Hell |    530 |    489 |     41 |     19 |    249 |   1 |  530.0 |
           Zot |   5729 |   5291 |    438 |    607 |   2293 |   5 | 1145.8 |
         Abyss |    592 |    592 |      0 |     57 |      0 |   2 |  296.0 |
   Pandemonium |   8604 |   8604 |      0 |   1613 |   2138 |   6 | 1434.0 |
      Ziggurat |    356 |    356 |      0 |    102 |      0 |   8 |   44.5 |
         Trove |    227 |    227 |      0 |      0 |      0 |   1 |  227.0 |
        Wizlab |    798 |    798 |      0 |    342 |     55 |   1 |  798.0 |
    Desolation |   2286 |   2286 |      0 |    765 |    147 |   1 | 2286.0 |
      Gauntlet |   1140 |   1140 |      0 |    166 |      0 |   1 | 1140.0 |
               +--------+--------+--------+--------+--------+-----+--------+

Top non-repeatable levels by time:
     D:9: 6461 daAuts
Vaults:4: 4851 daAuts
  Lair:2: 4396 daAuts
 Crypt:3: 3865 daAuts
 Snake:2: 3683 daAuts
Depths:4: 3308 daAuts
 Snake:1: 3145 daAuts
    D:15: 3017 daAuts
    D:14: 2982 daAuts
 Crypt:1: 2970 daAuts
Depths:2: 2942 daAuts
  Lair:5: 2776 daAuts
   Elf:3: 2741 daAuts
   Elf:1: 2722 daAuts
 Snake:3: 2682 daAuts
